 Dungeon Crawl Stone Soup version 0.23-a0-301-g9da9e51 (webtiles) character file.

30089246 iamserjio the Ninja (level 27, 235/235 (237) HPs)
             Began as an Octopode Berserker on Oct 6, 2018.
             Was the Champion of Makhleb.
             Escaped with the Orb
             ... and 15 runes on Oct 7, 2018!
             The game lasted 09:01:09 (49323 turns).

iamserjio the Ninja (Octopode Berserker)           Turns: 49323, Time: 09:01:09

HP:   235/235 (237) AC:  7    Str: 24    XL:     27
MP:   52/52         EV: 43    Int: 31    God:    Makhleb [******]
Gold: 1808          SH: 35    Dex: 31    Spells: 3/58 levels left

rFire    + + .     SeeInvis +   o - +9 eudemon blade (holy)
rCold    + + +     Gourm    .   J - +8 large shield
rNeg     + + .     Faith    .   U - +2 hat of the Bear Spirit {Spirit, +Rage rN+ MR++}
rPois    .         Spirit   +   R - amulet of magic regeneration
rElec    +         Reflect  .   h - ring "Yhumpya" {Wiz Str+3 Int+3}
rCorr    .         Harm     .   a - ring of Royalty {*Drain rC+++ MR- Int+8 Slay+4}
MR       ++++.     Clarity  +   y - ring of Ylaklah {rF+ Str+4 Int+2 Dex+4}
Stlth    ++++......             I - ring "Wozifam" {rElec MR+}
HPRegen  0.49/turn              m - +5 ring of evasion
MPRegen  0.58/turn              t - ring of Awag {+Fly MP+9 SInv}
                                q - ring "Dijo" {rF+ Int-3 Dex+8}
                                X - ring "Ezigheogh" {rElec rN+ Int+4 Dex+3}

@: studying Translocations
A: almost no armour, stealthy swim, amphibious, 8 rings, constrict 8, antennae
1, tentacle spike 1, molten scales 1, yellow scales 1, camouflage 1, clarity,
robust 1, screaming 1, electricity resistance, gelatinous body 1
0: Orb of Zot
}: 15/15 runes: decaying, serpentine, slimy, silver, golden, iron, obsidian,
icy, bone, abyssal, demonic, glowing, magical, fiery, dark
a: Minor Destruction, Lesser Servant of Makhleb, Major Destruction, Greater
Servant of Makhleb, Renounce Religion, Evoke Berserk Rage, Evoke Flight


You escaped.
You worshipped Makhleb.
Makhleb was exalted by your worship.
You were hungry.

You visited 18 branches of the dungeon, and saw 90 of its levels.
You visited Pandemonium 4 times, and saw 16 of its levels.
You visited the Abyss 1 time.
You visited 1 ziggurat, and saw 10 of its levels.
You also visited: Ice Cave, Volcano and Wizlab.

You collected 7684 gold pieces.
You spent 5876 gold pieces at shops.

Inventory:

Hand Weapons
 c - the +10 short sword "Afaemny" {pierce, rElec rF+ Int+2 Dex+3}
   (You found it on level 3 of the Tomb of the Ancients)

   It inflicts extra damage upon your enemies.
   It affects your intelligence (+2).
   It affects your dexterity (+3).
   It protects you from fire.
   It insulates you from electricity.
 o - a +9 eudemon blade of holy wrath (weapon)
 C - a +5 demon blade of distortion
 D - a +9 double sword of electrocution
Missiles
 e - 3 throwing nets (quivered) {!f}
Armour
 J - a +8 large shield (worn)
 U - the +2 hat of the Bear Spirit (worn) {Spirit, +Rage rN+ MR++}
   (You found it on level 9 of a ziggurat)

   It protects you from negative energy.
   It affects your resistance to hostile enchantments.
   It lets you go berserk.
Jewellery
 a - the ring of Royalty (right tentacle) {*Drain rC+++ MR- Int+8 Slay+4}
   (You acquired it on level 3 of the Vaults)

   [ring of slaying]

   It affects your intelligence (+8).
   It affects your accuracy and damage with ranged weapons and melee attacks
   (+4).
   It renders you almost immune to cold.
   It affects your resistance to hostile enchantments.
   It causes draining when unequipped.
 h - the ring "Yhumpya" (left tentacle) {Wiz Str+3 Int+3}
   (You found it on level 1 of the Crypt)

   [ring of wizardry]

   It improves your spell success rate.
   It affects your strength (+3).
   It affects your intelligence (+3).
 i - the ring of Jiydwagh {MP+9 Int+3}
   (You found it in Pandemonium)

   [ring of magical power]

   It affects your intelligence (+3).
   It affects your magic capacity (+9).
 m - a +5 ring of evasion (on tentacle)
 q - the ring "Dijo" (on tentacle) {rF+ Int-3 Dex+8}
   (You took it off a deep elf sorcerer on level 3 of the Elven Halls)

   [ring of intelligence]

   It affects your intelligence (-3).
   It affects your dexterity (+8).
   It protects you from fire.
 t - the ring of Awag (on tentacle) {+Fly MP+9 SInv}
   (You found it on level 1 of the Crypt)

   [ring of flight]

   It affects your magic capacity (+9).
   It lets you see invisible.
   It lets you fly.
 y - the ring of Ylaklah (on tentacle) {rF+ Str+4 Int+2 Dex+4}
   (You found it on level 5 of the Vaults)

   [ring of intelligence]

   It affects your strength (+4).
   It affects your intelligence (+2).
   It affects your dexterity (+4).
   It protects you from fire.
 F - an uncursed ring of resist corrosion
 I - the ring "Wozifam" (on tentacle) {rElec MR+}
   (You acquired it on level 15 of the Dungeon)

   [ring of protection from magic]

   It insulates you from electricity.
   It affects your resistance to hostile enchantments.
 M - the ring of Xehionlorr {rN++ Dex+2}
   (You found it on level 4 of the Snake Pit)

   [ring of dexterity]

   It affects your dexterity (+2).
   It greatly protects you from negative energy.
 R - an amulet of magic regeneration (around mantle)
 T - the ring of Uwek {MP+9 Str+2}
   (You found it on level 2 of the Snake Pit)

   [ring of magical power]

   It affects your strength (+2).
   It affects your magic capacity (+9).
 X - the ring "Ezigheogh" (on tentacle) {rElec rN+ Int+4 Dex+3}
   (You found it on level 8 of a ziggurat)

   [ring of intelligence]

   It affects your intelligence (+4).
   It affects your dexterity (+3).
   It insulates you from electricity.
   It protects you from negative energy.
 Z - an uncursed ring of ice
Wands
 g - a wand of digging (6)
 B - a wand of acid (19)
 G - a wand of iceblast (25)
 N - a wand of clouds (4)
Scrolls
 d - 25 scrolls of remove curse {@r2}
 j - 10 scrolls of teleportation
 n - a scroll of holy word
 u - 2 scrolls of summoning
 A - a scroll of blinking
 E - 9 scrolls of identify {@r1}
 K - 8 scrolls of fog
Potions
 f - 23 potions of curing {@q1}
 k - a potion of might
 p - 5 potions of agility
 s - 8 potions of haste
 v - 7 potions of cancellation
 w - 6 potions of heal wounds
 x - 2 potions of magic
 z - 2 potions of mutation
 L - 3 potions of brilliance
 O - 3 potions of ambrosia
 P - 4 potions of invisibility
 Q - 3 potions of resistance
 Y - 9 potions of lignification
Books
 V - a manual of Translocations
Miscellaneous
 l - 7 boxes of beasts
 r - a fan of gales
 H - a phial of floods
 S - a figurine of a ziggurat
 W - 5 phantom mirrors
Comestibles
 b - 39 rations


   Skills:
 + Level 24.4 Fighting
 - Level 20.0 Long Blades
 + Level 22.5 Dodging
 O Level 27 Stealth
 - Level 25.0 Shields
 - Level 16.0 Spellcasting
 - Level 3.0 Charms
 * Level 15.3 Summonings
 - Level 17.0 Necromancy
 - Level 12.0 Translocations
 - Level 10.0 Transmutations
 - Level 16.1 Earth Magic
 + Level 10.5 Evocations


You had 3 spell levels left.
You knew the following spells:

 Your Spells              Type           Power        Failure   Level  Hunger
a - Regeneration          Chrm/Necr      ######....   1%          3    None
b - Statue Form           Tmut/Erth      #######..    1%          6    ##.....
c - Borgnjor's Vile Clut  Necr/Erth      #######...   1%          5    None
d - Blink                 Tloc           N/A          0%          2    None
e - Summon Butterflies    Summ           #######.     0%          1    None
f - Passage of Golubria   Tloc           N/A          1%          4    None
g - Passwall              Tmut/Erth      #######.     0%          2    None
h - Apportation           Tloc           ######       0%          1    None
i - Aura of Abjuration    Summ           #######...   1%          5    None
j - Borgnjor's Revivific  Necr           #######...   4%          8    ######.
k - Malign Gateway        Summ/Tloc      #######...   2%          7    #####..
l - Summon Horrible Thin  Summ           #######...   9%          8    ######.
m - Lesser Beckoning      Tloc           #######...   1%          3    None

Your spell library contained the following spells:

 Spells                   Type           Power        Failure   Level  Hunger
 Animate Skeleton         Necr           N/A          0%          1    None
 Pain                     Necr           ####         0%          1    None
 Summon Small Mammal      Summ           ####         0%          1    None
 Call Imp                 Summ           #######.     0%          2    None
 Corpse Rot               Necr           N/A          0%          2    None
 Sublimation of Blood     Necr           #######...   0%          2    None
 Call Canine Familiar     Summ           #######.     0%          3    None
 Recall                   Summ/Tloc      N/A          0%          3    None
 Vampiric Draining        Necr           #######...   0%          3    None
 Beastly Appendage        Tmut           ######       1%          1    None
 Confusing Touch          Hex            ###...       1%          1    None
 Corona                   Hex            ###....      1%          1    None
 Flame Tongue             Conj/Fire      ###..        1%          1    None
 Infusion                 Chrm           ####         1%          1    None
 Magic Dart               Conj           ###.         1%          1    None
 Shock                    Conj/Air       ###.         1%          1    None
 Sting                    Conj/Pois      ###.         1%          1    None
 Poisonous Vapours        Pois/Air       ###...       1%          2    None
 Shroud of Golubria       Chrm/Tloc      ######....   1%          2    None
 Slow                     Hex            ###.....     1%          2    None
 Song of Slaying          Chrm           #####...     1%          2    None
 Sticks to Snakes         Tmut           ######..     1%          2    None
 Swiftness                Chrm/Air       ####....     1%          2    None
 Throw Flame              Conj/Fire      ###...       1%          2    None
 Gell's Gravitas          Tloc           #######...   1%          3    None
 Ignite Poison            Fire/Tmut/Pois #####...     1%          3    None
 Portal Projectile        Hex/Tloc       ######       1%          3    None
 Spectral Weapon          Hex/Chrm       ####....     1%          3    None
 Spider Form              Tmut/Pois      ######....   1%          3    None
 Summon Guardian Golem    Hex/Summ       ######..     1%          3    None
 Teleport Other           Tloc           #######.     1%          3    None
 Conjure Flame            Conj/Fire      ###.....     2%          3    None
 Dazzling Spray           Conj/Hex       ###...       2%          3    None
 Inner Flame              Hex/Fire       ###.....     2%          3    None
 Mephitic Cloud           Conj/Pois/Air  ###.....     2%          3    None
 Static Discharge         Conj/Air       ###.....     2%          3    None
 Tukima's Dance           Hex            ###.....     2%          3    None
 Animate Dead             Necr           N/A          0%          4    None
 Force Lance              Conj/Tloc      ######..     1%          4    None
 Ice Form                 Ice/Tmut       ######..     1%          4    None
 Leda's Liquefaction      Hex/Erth       ######....   1%          4    None
 Summon Ice Beast         Ice/Summ       ######..     1%          4    None
 Summon Lightning Spire   Summ/Air       ######..     1%          4    None
 Agony                    Necr           #######.     1%          5    None
 Blade Hands              Tmut           ######....   1%          5    None
 Lee's Rapid Deconstruct  Erth           #######...   1%          5    None
 Summon Demon             Summ           #######...   1%          5    None
 Summon Forest            Summ/Tloc      #######...   1%          5    None
 Summon Mana Viper        Hex/Summ       ######..     1%          5    None
 Death Channel            Necr           #######...   1%          6    ##.....
 Dispersal                Tloc           #######...   1%          6    ##.....
 Shadow Creatures         Summ           N/A          1%          6    ##.....
 Haunt                    Necr/Summ      #######...   1%          7    #####..
 Monstrous Menagerie      Summ           #######...   1%          7    #####..
 Summon Greater Demon     Summ           #######...   1%          7    #####..
 Summon Hydra             Summ           #######...   1%          7    #####..
 Alistair's Intoxication  Tmut/Pois      ######..     2%          5    None
 Bolt of Magma            Conj/Fire/Erth ######....   2%          5    None
 Yara's Violent Unravell  Hex/Tmut       ######....   2%          5    None
 Simulacrum               Ice/Necr       ######....   3%          6    ##.....
 Iron Shot                Conj/Erth      ######....   4%          6    ##.....
 Infestation              Necr           #######...   4%          8    ######.
 Airstrike                Air            ###.......   7%          4    None
 Cause Fear               Hex            ###.......   7%          4    None
 Olgreb's Toxic Radiance  Pois           ###.....     7%          4    None
 Sticky Flame             Conj/Fire      ###.....     7%          4    None
 Throw Icicle             Conj/Ice       ###.....     7%          4    None
 Dragon Form              Tmut           ######....   10%         7    #####..
 Necromutation            Tmut/Necr      #######...   17%         8    ######.
 Fireball                 Conj/Fire      ###.......   19%         5    None
 Lightning Bolt           Conj/Air       ###.......   19%         5    None
 Metabolic Englaciation   Hex/Ice        ###.......   19%         5    None
 Controlled Blink         Tloc           N/A          32%         8    ######.
 Disjunction              Tloc           #######...   32%         8    ######.
 Death's Door             Chrm/Necr      ######....   56%         8    ######.
 Shatter                  Erth           #######...   65%         9    #######
 Bolt of Cold             Conj/Ice       ###.......   69%         6    ##.....
 Bolt of Fire             Conj/Fire      ###.......   69%         6    ##.....
 Conjure Ball Lightning   Conj/Air       ###.......   69%         6    ##.....
 Darkness                 Hex            ###.......   69%         6    ##.....
 Freezing Cloud           Conj/Ice/Air   ###.......   69%         6    ##.....
 Invisibility             Hex            ###.....     69%         6    ##.....
 Ozocubu's Refrigeration  Ice            ###.......   69%         6    ##.....
 Dragon's Call            Summ           #######...   77%         9    #######
 Ring of Flames           Chrm/Fire      ####......   95%         7    #####..
 Discord                  Hex            ###.......   100%        8    ######.
 Ignition                 Fire           ###.......   100%        8    ######.


Dungeon Overview and Level Annotations

Branches:
Dungeon (15/15)            Temple (1/1) D:6            Lair (6/6) D:10
  Swamp (4/4) Lair:2        Snake (4/4) Lair:3        Slime (5/5) Lair:6
    Orc (2/2) D:9             Elf (3/3) Orc:2        Vaults (5/5) D:13
  Crypt (3/3) Vaults:2       Tomb (3/3) Crypt:3      Depths (5/5) D:15
   Hell (1/1)                 Dis (7/7) Hell            Geh (7/7) Hell
    Coc (7/7) Hell            Tar (7/7) Hell            Zot (5/5) Depths:5

Altars:
Ashenzari
Cheibriados
Dithmenos
Elyvilon
Fedhas
Gozag
Kikubaaqudgha
Makhleb
Okawaru
Qazlal
Ru
Trog
Uskayaw
Xom
Yredelemnul
Beogh
Jiyva

Shops:
D:13 (   D:14 !   Orc:1 ?   Orc:2 %!   Elf:1 (   Elf:3 [%*[   Snake:1 }}:}*
Snake:4 %   Depths:4 [   Depths:5 %?

Portals:
Hell: Depths:1 Depths:2 Depths:3 Depths:4 Depths:5
Abyss: Depths:1 Depths:2 Depths:3 Depths:4
Pandemonium: Depths:3 Depths:4

Annotations:
D:15 1 exclusion
Orc:1 1 exclusion
Elf:2 3 runed doors
Depths:1 1 exclusion
Depths:2 exclusion: orange crystal statue
Zot:4 1 exclusion


Innate Abilities, Weirdness & Mutations

You cannot wear most types of armour.
You are very stealthy in the water. (Stealth+)
You are amphibious.
You can wear up to eight rings at the same time.
You can use your tentacles to constrict eight enemies at once.
Your skin changes colour to match your surroundings (Stealth+).
Your rubbery body absorbs attacks. (AC +1, EV +1)
You have a pair of small antennae on your head.
One of your tentacles bears a spike.
You are partially covered in molten scales. (AC +2)
You are partially covered in yellow scales. (AC +2)
You possess an exceptional clarity of mind.
You are robust. (+10% HP)
You occasionally shout uncontrollably at your foes.
You are resistant to electric shocks. (rElec)


Message History

A ball python comes into view.
A frilled lizard and a hobgoblin come into view.
The ball python hisses angrily.
Found 18 gold pieces.
You block the ball python's attack. The ball python completely misses you.
You block the ball python's attack. The ball python misses you.
You block the ball python's attack. x2
You block the ball python's attack. x2
You block the ball python's attack. The ball python misses you.
You block the ball python's attack. x2
There is an open door here.
You block the ball python's attack. x2
You block the ball python's attack. x2
There is a staircase leading out of the dungeon here.
Wield which item (- for none, * to show all)? (? for menu, Esc to quit)
Okay, then.
Put on which piece of jewellery? (? for menu, Esc to quit)
Okay, then.
You block the ball python's attack. x2
You have escaped!

#.... ########## #..##
#≈§≈≈§§§§## #..#
≈≈§§§§§§§§# #..##
#≈≈#§§§§#§§# #....
#≈≈≈§§≈≈§§§#######.###
#≈§ §§§≈§§≈#..........
############.#########
#....@S...'..#
############## #≈§
§≈§≈≈≈≈# #§≈§§≈§§≈≈≈#
#≈§#§§§≈#≈≈#
§§≈§§§§≈≈≈#
#§§≈≈≈≈≈≈## ##########


You could see a ball python.

Vanquished Creatures
  Cerebov (Pan)
  Asmodeus (Geh:7)
  Antaeus (Coc:7)
  Ereshkigal (Tar:7)
  the Royal Jelly (Slime:5)
  Lom Lobon (Pan)
  the Serpent of Hell (Dis:7)
  A seraph (Pan)
  Gloorx Vloq (Pan)
  Mnoleg (Pan)
  Dispater (Dis:7)
  2 orbs of fire (Zot:5)
  4 ancient liches
  Mennas (Depths:2)
  Mara (Crypt:2)
  The ghost of Vifoseveff the Stickfighter, a veteran GnEE of Uskayaw (Depths:4)
  6 greater mummies
  Sojobo (Vaults:4)
  Boris (Depths:2)
  2 shard shrikes (Coc:7)
  Vashnia (Snake:3)
  Xtahua (Crypt:2)
  6 Killer Klowns
  Geryon (Hell)
  A curse toe (Zot:5)
  A profane servitor (Crypt:3)
  the Enchantress (Depths:5)
  9 golden dragons
  Jory (Crypt:3)
  4 doom hounds
  9 bone dragons
  2 electric golems (Zot:5)
  16 liches
  15 Tzitzimimeh
  3 iron giants
  4 Hell Sentinels (Dis:7)
  11 Brimstone Fiends
  16 Ice Fiends
  3 pandemonium lords
  11 tentacled monstrosities
  4 titans
  Asterion (Elf:1)
  22 Orb Guardians
  5 quicksilver dragons
  23 acid blobs
  Gastronok (Lair:3)
  10 Executioners (Pan)
  10 sphinxes
  20 ancient champions
  Kirke (D:14)
  3 tentacled starspawn
  4 thorn hunters
  The ghost of Sewiawao the Impaler, an adept MfIE of Makhleb (Snake:1)
  5 tengu reavers
  9 shadow dragons
  5 draconian monks
  8 death cobs
  8 nagarajas
  9 azure jellies
  3 revenants
  17 fire giants
  8 deep elf sorcerers (Elf:3)
  15 vault wardens
  3 ghost moths (Zig:5)
  8 storm dragons
  2 daevas
  6 frost giants
  18 balrugs
  3 draconian knights
  6 iron dragons
  Louise (D:14)
  8 draconian scorchers
  A ghoul (Crypt:3)
  10 cacodemons
  4 curse skulls
  2 warmongers (Pan)
  An emperor scorpion (Zig:5)
  6 draconian annihilators
  5 deep elf elementalists
  15 ironheart preservers
  3 spriggan defenders
  5 draconian stormcallers
  6 draconian shifters
  5 angels (Pan)
  27 reapers
  41 stone giants
  A blood saint (Pan)
  6 ophanim (Pan)
  2 elemental wellsprings (Coc:7)
  13 vampire knights
  9 war gargoyles
  8 bennus
  27 very ugly things
  5 deep elf demonologists
  2 corrupters (Pan)
  2 entropy weavers
  7 black draconians
  7 green draconians
  5 deep elf annihilators
  3 red draconians
  7 white draconians
  6 yellow draconians
  A dire elephant (shapeshifter) (Zig:6)
  4 lorocyprocas
  3 purple draconians
  13 ettins
  Snorg (Orc:1)
  The ghost of Qimuth the Unseen, a journeyman FeAr of Ru (Snake:2)
  8 eidola
  18 blizzard demons
  Josephine (Lair:4)
  9 deep elf death magi
  3 crystal guardians
  5 quicksilver dragon zombies
  15 jiangshi
  11 green deaths
  A merfolk impaler (Abyss:4)
  17 great orbs of eyes
  6 death oozes
  6 rakshasas
  23 yaktaur captains
  12 fire dragons
  7 mummy priests
  4 deep elf high priests (Elf:3)
  4 quicksilver dragon skeletons
  5 monstrous demonspawn
  19 ice dragons
  5 spriggan air magi
  13 naga warriors
  16 hydras
  A hell beast (Pan)
  2 shambling mangroves
  A ghost crab (Swamp:3)
  10 centaur warriors
  2 catoblepae (Lair:6)
  29 vault guards
  8 anacondas
  15 ogre magi
  7 death knights
  42 two-headed ogres
  19 dancing weapons
  41 death scarabs
  2 two-headed ogres (shapeshifter)
  A tengu warrior (D:15)
  14 deep troll shamans
  2 shock serpents
  A death yak (Lair:6)
  6 spriggan berserkers
  17 hell hogs
  9 alligators
  10 deep troll earth magi
  5 orc high priests (Orc:2)
  10 naga sharpshooters
  8 vampire magi
  A thrashing horror (Abyss:2)
  4 titan zombies
  Urug (D:10)
  Nergalle (Lair:1)
  17 soul eaters
  7 storm dragon zombies
  5 iron golems
  16 sun demons
  A fire crab (shapeshifter) (Depths:4)
  24 deep elf knights
  99 skeletal warriors
  2 golden dragon zombies
  8 shadow wraiths
  6 titan skeletons
  2 wretched stars (Abyss:2)
  9 iron trolls
  10 cherubim (Pan)
  A ghost moth zombie (Geh:4)
  2 salamander mystics
  5 sixfirhies
  3 death drakes
  36 hell knights
  A storm dragon skeleton (Geh:6)
  11 glowing orange brains
  A spatial maelstrom (Abyss:2)
  5 anaconda zombies
  10 swamp dragons
  17 flayed ghosts
  24 large abominations
  A torturous demonspawn (Pan)
  3 spectral anacondas (Depths:2)
  A swamp dragon (shapeshifter) (Depths:5)
  3 gelid demonspawn
  6 naga ritualists
  2 golden dragon skeletons
  15 deep elf archers
  4 infernal demonspawn
  An unseen horror (Vaults:1)
  An obsidian statue (Snake:1)
  An orange crystal statue (Depths:2)
  2 spriggan druids
  5 starcursed masses
  2 anaconda skeletons (Coc:7)
  37 deep trolls
  A harpy (shapeshifter) (Vaults:1)
  23 shadow demons
  5 wolf spider zombies
  4 lindwurms
  9 wizards
  16 phantasmal warriors
  8 necromancers
  11 ironbrand convokers
  2 iron dragon zombies
  6 wolf spiders
  14 orc knights
  The ghost of Dissent the Stinger, a novice FoWn of Gozag (D:6)
  3 shining eyes
  6 orc sorcerers
  50 ugly things
  11 mana vipers
  3 manticores
  An orb spider (Abyss:1)
  48 deep elf magi
  3 shadow dragon zombies
  A spectral fire dragon (Crypt:3)
  2 stone giant zombies
  A manticore (shapeshifter) (Depths:3)
  2 frost giant zombies
  An orb spider (shapeshifter) (Vaults:1)
  4 shadow dragon skeletons
  13 salamanders
  A sphinx skeleton (Depths:1)
  A moth of wrath (shapeshifter) (D:13)
  14 moths of wrath
  4 iron dragon skeletons
  4 dire elephant zombies
  A centaur zombie (D:13)
  5 frost giant skeletons
  2 guardian serpents (Snake:4)
  30 cyclopes
  4 fire giant zombies
  A worldbinder (Abyss:2)
  6 ice statues
  19 rust devils
  11 elephants
  14 vault sentinels
  A shock serpent zombie (Geh:6)
  Maurice (D:8)
  7 stone giant skeletons
  26 naga magi
  3 fire giant skeletons
  9 orange demons
  A water nymph (shapeshifter) (Zig:9)
  34 black mambas
  3 titan simulacra (Coc:7)
  2 storm dragon simulacra (Coc:7)
  4 gargoyles
  4 molten gargoyles
  18 smoke demons
  4 eyes of devastation
  A shock serpent skeleton (Geh:6)
  3 emperor scorpion zombies
  17 spiny frogs
  A dire elephant skeleton (Tar:7)
  17 hellions
  5 spectral swamp worms (Depths:3)
  41 yaktaurs
  39 ice devils
  A rime drake (Lair:6)
  27 freezing wraiths
  A komodo dragon (shapeshifter) (Depths:1)
  A golden dragon simulacrum (IceCv)
  8 komodo dragons
  A catoblepas skeleton (Geh:4)
  2 spectral merfolk (Depths:2)
  4 anaconda simulacra
  9 efreet
  3 ancient zymes (Abyss:2)
  29 guardian mummies
  5 hellwings
  A minotaur skeleton (Crypt:1)
  20 tormentors
  8 demonic crawlers
  A white draconian skeleton (Tomb:3)
  13 red devils
  A red draconian zombie (Crypt:2)
  A silent spectre (Tar:7)
  11 hydra zombies
  An iron troll skeleton (Crypt:1)
  115 slime creatures
  13 tyrant leeches
  4 alligator zombies
  A blink frog (shapeshifter) (Vaults:5)
  5 hornets
  4 ice dragon zombies
  11 polar bears
  8 trolls
  10 wind drakes (Pan)
  3 bog bodies
  3 hydra skeletons
  2 dream sheep (Lair:6)
  A harpy skeleton (Coc:4)
  7 raiju
  18 blink frogs
  A meliai zombie (Crypt:1)
  3 ettin zombies
  A fire giant simulacrum (Vaults:3)
  6 fire dragon zombies
  A slime creature (shapeshifter) (Zig:9)
  3 spriggans
  3 black mamba zombies
  6 hippogriffs
  2 alligator skeletons
  107 flying skulls
  A tarantella (Zig:5)
  A dire elephant simulacrum (IceCv)
  A tarantella (shapeshifter) (Depths:5)
  3 redbacks
  A spriggan (shapeshifter) (Vaults:1)
  2 air elementals
  A black mamba skeleton (Geh:6)
  15 humans
  2 ettin skeletons
  A yak (shapeshifter) (Depths:3)
  3 ynoxinuls
  6 fire dragon skeletons
  3 hogs (D:14)
  2 ice dragon skeletons
  10 vampires
  13 water elementals
  32 wraiths
  29 shadows
  3 wyverns
  A golden eye (shapeshifter) (Elf:1)
  22 yaks
  11 ushabtiu
  A yaktaur simulacrum (Depths:1)
  4 hungry ghosts
  4 fire bats
  8 golden eyes
  3 basilisks
  16 fire elementals
  A hog (shapeshifter) (Depths:2)
  11 neqoxecs
  2 steam dragons
  29 vampire mosquitoes
  7 chaos spawn
  An iron troll simulacrum (IceCv)
  3 human zombies
  9 wargs
  13 swamp worms
  3 two-headed ogre zombies (WizLab)
  6 insubstantial wisps (Abyss:4)
  Edmund (D:6)
  48 nagas
  4 acid dragons
  2 harpy simulacra (IceCv)
  3 spiny frog zombies
  3 spectral spriggans (Depths:2)
  10 water moccasins
  19 hell hounds
  2 ice beasts
  6 hydra simulacra
  2 floating eyes
  12 porcupines
  4 spectral trolls (Depths:2)
  11 swamp drakes
  33 orc warriors
  5 phantoms
  6 sky beasts
  2 hornet zombies
  2 swamp dragon zombies
  10 necrophages
  5 snapping turtle zombies
  8 spiny frog skeletons
  An alligator simulacrum (Hell)
  A manticore zombie (Coc:2)
  11 black bears
  18 wolves
  3 boggarts
  6 eyes of draining
  42 ogres
  9 centaurs
  A torpor snail zombie (Crypt:2)
  3 snapping turtle skeletons
  19 crocodiles
  2 big kobolds
  Blork the orc (D:8)
  3 earth elementals
  15 bullfrogs
  A wyvern zombie (D:13)
  2 gnoll sergeants (D:8)
  14 small abominations
  A merfolk simulacrum (Depths:2)
  A spiny frog simulacrum (Coc:7)
  9 scorpions
  7 troll zombies (WizLab)
  3 spectral nagas (Depths:2)
  A spectral ogre (Depths:2)
  8 killer bees
  A raiju zombie (Crypt:1)
  50 wights
  A polar bear skeleton (Crypt:1)
  A spectral centaur (Depths:2)
  An electric eel (D:15)
  5 howler monkeys
  7 crimson imps
  3 quasits
  A bullfrog zombie (D:6)
  2 hounds
  9 jellies
  24 orc priests
  4 bullfrog skeletons
  26 orc wizards
  5 centaur skeletons
  8 iron imps
  A human skeleton (Crypt:1)
  3 iguanas
  Natasha (thrice) (D:3)
  7 worker ants
  A spriggan simulacrum (Depths:2)
  2 killer bee zombies
  5 lightning spires
  A naga zombie (Hell)
  6 ogre zombies (WizLab)
  A hound zombie (Crypt:1)
  A naga skeleton (Crypt:1)
  An acid dragon skeleton (Crypt:2)
  A big kobold skeleton (Crypt:2)
  A deep dwarf skeleton (Crypt:1)
  A hound skeleton (D:11)
  39 mummies
  A worker ant zombie (D:11)
  10 gnolls
  A howler monkey skeleton (D:6)
  11 adders
  7 shadow imps
  9 white imps
  An ufetubus (Abyss:1)
  An adder zombie (D:5)
  12 oozes (D:9)
  An adder skeleton (D:9)
  3 worms
  3 dart slugs
  5 leopard geckos
  97 orcs
  8 bats
  6 giant cockroaches
  6 goblins
  A hobgoblin (D:3)
  5 jackals
  15 kobolds
  2 quokkas
  3 ball pythons
  4 frilled lizards (D:3)
  A giant cockroach zombie (D:6)
  A hobgoblin zombie (Crypt:1)
  A jackal skeleton (D:6)
  A quokka zombie (D:6)
  4 rats
  2 briar patches
  A crawling corpse (Elf:3)
  A fire vortex (Depths:1)
  2 starspawn tentacles (Abyss:3)
3745 creatures vanquished.

Vanquished Creatures (collateral kills)
  2 ancient liches
  3 greater mummies (Tomb:3)
  A Killer Klown (Zig:6)
  A golden dragon (Zot:4)
  4 Orb Guardians (Zot:5)
  A Brimstone Fiend (Geh:7)
  A tentacled monstrosity (Zot:2)
  An ancient champion (Dis:7)
  A death cob (Zot:2)
  A nagaraja (Snake:4)
  A draconian monk (Zot:2)
  A fire giant (Depths:1)
  A daeva (Pan)
  A vault warden (Vaults:3)
  2 balrugs (Pan)
  A reaper (Tar:7)
  3 stone giants
  A draconian annihilator (Zot:4)
  2 ophanim (Pan)
  A green draconian (Zot:4)
  3 very ugly things
  An apis (Pan)
  2 yellow draconians (Zot:2)
  4 black draconians
  A red draconian (Zot:5)
  3 purple draconians
  A white draconian (Zot:3)
  6 mummy priests (Tomb:3)
  A fire dragon (Depths:4)
  A blizzard demon (Coc:7)
  A yaktaur captain (Vaults:4)
  3 naga warriors
  3 hydras
  A rakshasa (Pan)
  2 vault guards
  A dancing weapon (Snake:2)
  16 death scarabs (Tomb:3)
  3 death yaks (Lair:6)
  An iron golem (Dis:7)
  A shock serpent (Snake:1)
  4 naga sharpshooters
  A soul eater (Zot:5)
  An iron troll (Tomb:3)
  A deep elf knight (Elf:1)
  4 skeletal warriors
  A salamander mystic (Snake:4)
  An orc knight (Orc:1)
  3 oklob plants (Lair:6)
  A deep elf mage (Elf:1)
  2 ugly things (Depths:4)
  A cyclops (Tomb:3)
  A moth of wrath (Zot:4)
  A black mamba (Lair:6)
  A dire elephant zombie (Coc:7)
  2 naga magi (Snake:1)
  A dire elephant skeleton (Dis:7)
  A smoke demon (Abyss:4)
  A spiny frog (Lair:6)
  2 hellions
  A komodo dragon (Lair:6)
  A rime drake (Lair:6)
  7 guardian mummies (Tomb:3)
  An efreet (Volcano)
  6 yaktaurs
  A polar bear (Tomb:3)
  A wind drake (Pan)
  2 meliai (shapeshifter)
  A blink frog (Lair:6)
  4 slime creatures
  An ettin skeleton (Tar:7)
  A flying skull (Tar:7)
  A shadow (Tar:7)
  3 ushabtiu (Tomb:3)
  A fire elemental (Volcano)
  3 hogs (D:14)
  3 neqoxecs (Pan)
  9 nagas
  An orc warrior (Orc:1)
  A necrophage (Tar:7)
  A snapping turtle zombie (Tar:7)
  2 wolves (Lair:6)
  An ogre (Tomb:3)
  2 jellies (Lair:6)
  2 lightning spires (Abyss:4)
  6 mummies (Tomb:3)
  2 orcs (Orc:1)
180 creatures vanquished.

Vanquished Creatures (others)
  A deep elf master archer (Elf:3)
  27 eldritch tentacles
  A fire giant (Geh:7)
  A draconian stormcaller (Zig:10)
  A deep elf annihilator (Elf:1)
  2 rakshasas (Pan)
  A spriggan air mage (Pan)
  13 death scarabs (Tomb:3)
  2 sixfirhies (Pan)
  A spriggan druid (Swamp:4)
  A naga ritualist (Zig:3)
  2 deep elf archers
  A frost giant skeleton (Geh:4)
  2 moths of wrath (Zot:5)
  A cyclops (Tomb:2)
  A naga mage (Snake:4)
  2 polar bears (Tomb:2)
  A wind drake (Pan)
  A blink frog (Lair:6)
  A bog body (Swamp:4)
  A fire dragon skeleton (Tomb:2)
  12 flying skulls
  A wraith (Geh:4)
  A spriggan (Swamp:4)
  A shadow (Depths:2)
  A water elemental (Coc:7)
  A golden eye (Slime:2)
  2 necrophages (Tar:7)
  2 ogres
  2 wolves (Depths:2)
  2 boggarts (Vaults:1)
  2 mummies
  2 white imps
  5 ball lightnings (Pan)
  An orc (D:9)
  A hobgoblin skeleton (Crypt:2)
  An orc zombie (Geh:3)
  A block of ice (Pan)
  4 briar patches
  14 fungi
  13 plants
  8 starspawn tentacles
141 creatures vanquished.

Grand Total: 4066 creatures vanquished

Notes
Turn   | Place    | Note
-------+----------+-------------------------------------------
     0 | D:1      | iamserjio the Octopode Berserker began the quest for the
                  | Orb.
     0 | D:1      | Reached XP level 1. HP: 16/16 MP: 1/1
   146 | D:1      | Reached XP level 2. HP: 20/21 MP: 2/2
   163 | D:1      | Reached skill level 1 in Stealth
   290 | D:2      | Reached ** piety under Trog
   290 | D:2      | Reached XP level 3. HP: 26/26 MP: 3/3
   537 | D:2      | Reached skill level 2 in Stealth
   742 | D:3      | Noticed Natasha
   750 | D:3      | Killed Natasha
   750 | D:3      | Reached XP level 4. HP: 16/31 MP: 4/4
   859 | D:3      | Reached skill level 1 in Shields
   877 | D:3      | Reached skill level 3 in Stealth
   877 | D:3      | Reached XP level 5. HP: 11/36 MP: 5/5
  1057 | D:3      | Noticed Natasha
  1064 | D:3      | Killed Natasha
  1064 | D:3      | Reached skill level 5 in Long Blades
  1137 | D:3      | Noticed Natasha
  1147 | D:3      | Killed Natasha
  1147 | D:3      | Reached XP level 6. HP: 42/42 MP: 6/6
  1297 | D:3      | Reached skill level 4 in Stealth
  1516 | D:5      | Entered Level 5 of the Dungeon
  1524 | D:5      | Reached XP level 7. HP: 34/46 MP: 7/7
  1659 | D:5      | Reached skill level 5 in Stealth
  1876 | D:5      | Reached XP level 8. HP: 43/54 MP: 8/8
  2002 | D:6      | Found a staircase to the Ecumenical Temple.
  2023 | D:6      | Reached skill level 6 in Stealth
  2056 | D:6      | Found a hide-covered altar of Uskayaw.
  2070 | D:6      | Found a large runed door.
  2070 | D:6      | Found a large runed door.
  2089 | D:6      | Reached skill level 1 in Evocations
  2090 | D:6      | Found a large runed door.
  2090 | D:6      | Found a large runed door.
  2143 | D:6      | Noticed a gargoyle
  2151 | D:6      | Killed a gargoyle
  2189 | D:6      | Reached skill level 5 in Fighting
  2189 | D:6      | Reached skill level 5 in Dodging
  2193 | D:6      | Reached skill level 7 in Stealth
  2196 | D:6      | Reached XP level 9. HP: 53/61 MP: 10/10
  2203 | D:6      | Reached *** piety under Trog
  2342 | D:6      | Found a runed gate.
  2342 | D:6      | Found a runed gate.
  2342 | D:6      | Found a runed gate.
  2343 | D:6      | Noticed Dissent's ghost (novice FoWn)
  2358 | D:6      | Killed Dissent's ghost
  2510 | D:6      | Noticed Edmund
  2516 | D:6      | Killed Edmund
  2596 | D:7      | Reached skill level 8 in Stealth
  2829 | D:7      | Found a sacrificial altar of Ru.
  2926 | D:7      | Reached XP level 10. HP: 69/69 MP: 11/11
  2978 | D:8      | Noticed Blork the orc
  2998 | D:8      | Killed Blork the orc
  2998 | D:8      | Reached skill level 9 in Stealth
  3211 | D:8      | Noticed Maurice
  3223 | D:8      | Killed Maurice
  3423 | D:9      | Reached **** piety under Trog
  3470 | D:9      | Reached skill level 5 in Shields
  3684 | D:9      | Reached skill level 10 in Stealth
  3721 | D:9      | Reached XP level 11. HP: 39/75 MP: 12/12
  3743 | D:9      | Found a staircase to the Orcish Mines.
  3970 | D:10     | Entered Level 10 of the Dungeon
  4189 | D:10     | Found a staircase to the Lair.
  4350 | D:10     | Noticed a two-headed ogre
  4355 | D:10     | Noticed Urug
  4358 | D:10     | Killed a two-headed ogre
  4363 | D:10     | Killed Urug
  4363 | D:10     | Reached skill level 10 in Long Blades
  4476 | D:10     | Found a shattered altar of Ashenzari.
  4536 | Lair:1   | Entered Level 1 of the Lair of Beasts
  4555 | Lair:1   | Found a dark tunnel.
  4580 | Volcano  | Entered a volcano
  4601 | Volcano  | Noticed a stone giant
  4612 | Volcano  | Killed a stone giant
  4932 | Lair:1   | Noticed Nergalle
  4958 | Lair:1   | Noticed a six-headed hydra
  5101 | Lair:1   | Reached XP level 12. HP: 64/84 MP: 15/15
  5181 | Lair:1   | Killed a one-headed hydra
  5231 | Lair:1   | Killed Nergalle
  5327 | Lair:2   | Found a staircase to the Swamp.
  5933 | Lair:3   | Reached skill level 10 in Shields
  5967 | Lair:3   | Noticed Gastronok
  5979 | Lair:3   | Killed Gastronok
  6025 | Lair:3   | Found a staircase to the Snake Pit.
  6181 | Lair:4   | Noticed Josephine
  6214 | Lair:4   | Reached skill level 10 in Fighting
  6214 | Lair:4   | Reached XP level 13. HP: 91/92 MP: 16/16
  6270 | Lair:4   | Got a transparent platinum ring
  6271 | Lair:4   | Identified the ring "Qaagy" {Ice +Fly rPois Str+4} (You
                  | found it on level 4 of the Lair of Beasts)
  6278 | Lair:4   | Reached skill level 11 in Stealth
  6540 | Lair:4   | Killed Josephine
  7055 | Lair:6   | Entered Level 6 of the Lair of Beasts
  7173 | Lair:6   | Reached skill level 12 in Stealth
  7394 | Lair:6   | Reached XP level 14. HP: 40/101 MP: 17/17
  7399 | Lair:6   | Found a staircase to the Slime Pits.
  7757 | Lair:6   | Received a gift from Trog
  7799 | Lair:6   | Found the +6 shillelagh "Devastator" {shatter}
  8137 | Orc:1    | Entered Level 1 of the Orcish Mines
  8219 | Orc:1    | Noticed Sonja
  8267 | Orc:1    | Noticed Sonja
  8267 | Orc:1    | Sonja changed into Sonja the troll
  8273 | Orc:1    | Killed Sonja the troll
  8280 | Orc:1    | Noticed Snorg
  8293 | Orc:1    | Found Toeklaic's Magic Scroll Shoppe.
  8329 | Orc:1    | Bought a scroll of blinking for 120 gold pieces
  8329 | Orc:1    | Bought a scroll of enchant weapon for 120 gold pieces
  8331 | Orc:1    | Bought a scroll of identify for 32 gold pieces
  8331 | Orc:1    | Bought a scroll of identify for 32 gold pieces
  8391 | Orc:2    | Entered Level 2 of the Orcish Mines
  8588 | Orc:2    | Found a staircase to the Elven Halls.
  8700 | Orc:2    | Reached ***** piety under Trog
  8894 | Orc:2    | Found Kazi's Food Shoppe.
  8894 | Orc:2    | Found Jobuis's Armour Boutique.
  8904 | Orc:2    | Found Rimiol's Magic Scroll Shoppe.
  8904 | Orc:2    | Found Kogaaf's Distillery.
  8920 | Orc:2    | Bought a potion of heal wounds for 75 gold pieces
  8920 | Orc:2    | Bought a potion of heal wounds for 75 gold pieces
  8920 | Orc:2    | Bought a potion of lignification for 45 gold pieces
  8920 | Orc:2    | Bought a potion of haste for 150 gold pieces
  8920 | Orc:2    | Bought a potion of heal wounds for 75 gold pieces
  8921 | Orc:2    | Bought a scroll of fog for 32 gold pieces
  8921 | Orc:2    | Bought a scroll of immolation for 56 gold pieces
  8921 | Orc:2    | Bought a scroll of blinking for 120 gold pieces
  8921 | Orc:2    | Bought a scroll of identify for 32 gold pieces
  8921 | Orc:2    | Bought a scroll of teleportation for 48 gold pieces
  8921 | Orc:2    | Bought a scroll of teleportation for 48 gold pieces
  8921 | Orc:2    | Bought a scroll of teleportation for 48 gold pieces
  8921 | Orc:2    | Bought a scroll of identify for 32 gold pieces
  8922 | Orc:2    | Bought a scroll of identify for 32 gold pieces
  9035 | Orc:1    | Killed Snorg
  9052 | Orc:1    | Found a roughly hewn altar of Beogh.
  9178 | Orc:1    | Bought a scroll of holy word for 120 gold pieces
  9809 | D:12     | Reached XP level 15. HP: 108/108 MP: 18/18
  9810 | D:12     | Received a gift from Trog
 10227 | D:13     | Found a gate to the Vaults.
 10680 | D:13     | Found Fips's Antique Weapon Emporium.
 10691 | D:13     | Reached skill level 15 in Shields
 10976 | D:14     | Noticed Louise
 10984 | D:14     | Killed Louise
 11028 | D:14     | Received a gift from Trog
 11163 | D:14     | Noticed Kirke
 11171 | D:14     | Killed Kirke
 11510 | D:14     | Found Zuataquh's Distillery.
 11573 | D:14     | Bought a potion of haste for 140 gold pieces
 11573 | D:14     | Bought a potion of haste for 140 gold pieces
 11573 | D:14     | Bought a potion of might for 56 gold pieces
 11727 | D:15     | Entered Level 15 of the Dungeon
 11769 | D:15     | Found a staircase to the Depths.
 12223 | D:15     | Identified a scroll of acquirement
 12225 | D:15     | Got a pitted copper ring
 12226 | D:15     | Identified the ring "Wozifam" {rElec MR+} (You acquired it
                  | on level 15 of the Dungeon)
 12729 | Orc:2    | Bought a scroll of identify for 32 gold pieces
 12729 | Orc:2    | Bought a scroll of identify for 32 gold pieces
 12729 | Orc:2    | Bought a scroll of fog for 32 gold pieces
 12792 | Elf:1    | Entered Level 1 of the Elven Halls
 12849 | Elf:1    | Reached XP level 16. HP: 107/116 MP: 19/19
 12916 | Elf:1    | Identified the Grimoire of Pessimism
 13017 | Elf:1    | Noticed Asterion
 13019 | Elf:1    | Reached skill level 15 in Long Blades
 13067 | Elf:1    | Received a gift from Trog
 13090 | Elf:1    | Noticed an Executioner
 13102 | Elf:1    | Killed Asterion
 13446 | Elf:1    | Found Naovuhun's Weapon Shop.
 13630 | Elf:3    | Entered Level 3 of the Elven Halls
 13646 | Elf:3    | Found Ifarphal's Armour Shop.
 13958 | Elf:3    | Got a scorched dagger
 13959 | Elf:3    | Identified the +10 dagger "Beastslayer" {drain, Int+6} (You
                  | found it on level 3 of the Elven Halls)
 14230 | Elf:3    | Reached XP level 17. HP: 89/124 MP: 20/20
 14287 | Elf:3    | Found Zeagiy's Antique Armour Boutique.
 14293 | Elf:3    | Found Usakir's Food Shop.
 14295 | Elf:3    | Found Pyum Vef's Assorted Antiques.
 14663 | Elf:3    | Noticed a deep elf master archer
 14673 | Elf:3    | Killed a deep elf master archer
 14674 | Elf:3    | Got a crude tin ring
 14722 | Elf:3    | Identified the cursed ring "Dijo" {rF+ Int-3 Dex+8} (You
                  | took it off a deep elf sorcerer on level 3 of the Elven
                  | Halls)
 14747 | Elf:3    | Found the +8 longbow "Zephyr" {speed, Dex+3 SInv}
 14877 | Elf:3    | Bought the +10 large shield of Ignorance {rN+ Int-4} for
                  | 1604 gold pieces
 14877 | Elf:3    | Found the +10 large shield of Ignorance {rN+ Int-4}
 14886 | Elf:3    | Bought a potion of might for 136 gold pieces
 14886 | Elf:3    | Bought a potion of curing for 102 gold pieces
 15170 | Elf:2    | Found a runed gate.
 15170 | Elf:2    | Found a runed gate.
 15170 | Elf:2    | Found a runed gate.
 15330 | Orc:2    | Bought a potion of curing for 45 gold pieces
 15373 | Orc:1    | Bought a scroll of magic mapping for 56 gold pieces
 15373 | Orc:1    | Bought a scroll of teleportation for 48 gold pieces
 15373 | Orc:1    | Bought a scroll of teleportation for 48 gold pieces
 15373 | Orc:1    | Bought a scroll of teleportation for 48 gold pieces
 15373 | Orc:1    | Bought a scroll of magic mapping for 56 gold pieces
 15719 | Swamp:1  | Entered Level 1 of the Swamp
 16156 | Swamp:2  | Found a frozen archway.
 16173 | IceCv    | Entered an ice cave
 16302 | IceCv    | Received a gift from Trog
 16387 | IceCv    | Reached XP level 18. HP: 131/131 MP: 21/21
 17288 | Swamp:4  | Entered Level 4 of the Swamp
 17430 | Swamp:3  | Reached skill level 5 in Evocations
 17610 | Swamp:4  | Received a gift from Trog
 18046 | Swamp:4  | Got a decaying rune of Zot
 18219 | Snake:1  | Entered Level 1 of the Snake Pit
 18575 | Snake:1  | Found a runed gate.
 18576 | Snake:1  | Found an opulent altar of Gozag.
 18576 | Snake:1  | Noticed Sewiawao's ghost (adept MfIE)
 18577 | Snake:1  | Found Dum Seitaohi's Assorted Antiques.
 18577 | Snake:1  | Found a runed gate.
 18577 | Snake:1  | Found a runed gate.
 18594 | Snake:1  | Found Lythrula's Gadget Shop.
 18616 | Snake:1  | Found Ruuney's Book Shop.
 18645 | Snake:1  | Found Ziakli's Gadget Shop.
 18645 | Snake:1  | Found Tynnubru's Gadget Shop.
 18746 | Snake:2  | Found a runed door.
 18750 | Snake:2  | Found a shimmering altar of Xom.
 18750 | Snake:2  | Noticed Qimuth's ghost (journeyman FeAr)
 18835 | Snake:1  | Reached XP level 19. HP: 132/136 MP: 23/23
 19334 | Snake:3  | Noticed Vashnia
 19363 | Snake:3  | Killed Vashnia
 19409 | Snake:3  | Received a gift from Trog
 19473 | Snake:3  | Reached skill level 10 in Dodging
 19541 | Snake:3  | Reached skill level 15 in Fighting
 19920 | Snake:4  | Entered Level 4 of the Snake Pit
 19996 | Snake:4  | Found Vimibut's Food Shop.
 20151 | Snake:4  | Found a basalt altar of Yredelemnul.
 20172 | Snake:4  | Got a smoking turquoise ring
 20180 | Snake:4  | Identified the ring of Xehionlorr {rN++ Dex+2} (You found
                  | it on level 4 of the Snake Pit)
 20624 | Snake:4  | Received a gift from Trog
 20686 | Snake:4  | Got a serpentine rune of Zot
 20850 | Snake:4  | Reached XP level 20. HP: 141/147 MP: 24/24
 20938 | Snake:2  | Killed Qimuth's ghost
 20941 | Snake:2  | Got a clouded tin ring
 20946 | Snake:2  | Identified the ring of Uwek {MP+9 Str+2} (You found it on
                  | level 2 of the Snake Pit)
 21012 | Snake:1  | Killed Sewiawao's ghost
 21237 | Vaults:1 | Entered Level 1 of the Vaults
 21853 | Vaults:2 | Received a gift from Trog
 22485 | Vaults:2 | Found a staircase to the Crypt.
 22880 | Vaults:3 | Received a gift from Trog
 22902 | Vaults:3 | Reached XP level 21. HP: 155/155 MP: 25/25
 23110 | Vaults:3 | Identified the ring of Royalty {*Drain rC+++ MR- Int+8
                  | Slay+4} (You acquired it on level 3 of the Vaults)
 24136 | Vaults:4 | Noticed Sojobo
 24320 | Vaults:4 | Received a gift from Trog
 24562 | Vaults:4 | Killed Sojobo
 25017 | Vaults:5 | Entered Level 5 of the Vaults
 25154 | Vaults:4 | Reached XP level 22. HP: 135/169 MP: 25/26
 25543 | Vaults:5 | Reached skill level 13 in Stealth
 25575 | Vaults:5 | Identified the Catalogue of the Twisted Compass
 25631 | Vaults:5 | Got a smoking lead ring
 25632 | Vaults:5 | Identified the ring of Ylaklah {rF+ Str+4 Int+2 Dex+4} (You
                  | found it on level 5 of the Vaults)
 25677 | Vaults:5 | Reached skill level 15 in Dodging
 25745 | Vaults:5 | Noticed a golden dragon
 25781 | Vaults:5 | Killed a golden dragon
 25961 | Vaults:5 | Identified the Almanac of the Frostbite
 26218 | Vaults:5 | Reached skill level 14 in Stealth
 26318 | Vaults:5 | Paralysed by a lich for 4 turns
 26588 | Vaults:5 | Got a silver rune of Zot
 26785 | Vaults:5 | Identified the +6 scimitar "Orb Guardian's Doom" {slice,
                  | rPois} (You took it off a deep elf mage on level 5 of the
                  | Vaults)
 26998 | Vaults:1 | Reached XP level 23. HP: 176/176 MP: 27/27
 27009 | Vaults:1 | Reached skill level 15 in Stealth
 27383 | Vaults:1 | Received a gift from Trog
 28132 | Depths:1 | Entered Level 1 of the Depths
 28201 | Depths:1 | Reached skill level 16 in Stealth
 28240 | Depths:1 | Found a gateway to Hell.
 28361 | Depths:1 | Found an iron altar of Okawaru.
 28736 | Depths:2 | Reached skill level 17 in Stealth
 28830 | Depths:2 | Found a gateway to a ziggurat.
 29137 | Depths:2 | Reached XP level 24. HP: 183/183 MP: 27/27
 29241 | Depths:2 | Identified the ring of Kebluvips {+Fly rPois Str+6 Int-4
                  | SInv} (You found it on level 2 of the Depths)
 29244 | Depths:2 | Reached XP level 25. HP: 189/189 MP: 27/27
 29295 | Depths:2 | Reached skill level 18 in Stealth
 29597 | Depths:2 | Found a one-way gate to the infinite horrors of the Abyss.
 29790 | Depths:2 | Reached XP level 26. HP: 196/196 MP: 27/27
 29849 | Depths:2 | Paralysed by a floating eye for 2 turns
 29866 | Depths:2 | Noticed an ancient lich
 29875 | Depths:2 | Killed an ancient lich
 30055 | Depths:1 | Upgraded the game from 0.23-a0-299-g9a66eeb to
                  | 0.23-a0-301-g9da9e51
 30118 | Depths:3 | Noticed Boris
 30132 | Depths:3 | Noticed Mennas
 30223 | Depths:2 | Killed Boris
 30435 | Depths:2 | Killed Mennas
 30668 | Depths:3 | Received a gift from Trog
 30919 | Depths:3 | Identified the +2 rapier of the Eggplant {flame, rF- Str+2
                  | Int+7 SInv} (You took it off a wizard on level 3 of the
                  | Depths)
 31084 | Depths:3 | Found a one-way gate leading to the halls of Pandemonium.
 31390 | Depths:4 | Reached XP level 27. HP: 154/207 MP: 27/27
 31881 | Depths:4 | Found a runed gate.
 31881 | Depths:4 | Found a runed gate.
 31881 | Depths:4 | Found a runed gate.
 31881 | Depths:4 | Noticed Vifoseveff's ghost (veteran GnEE)
 31897 | Depths:4 | Found Foag's Armour Emporium.
 32118 | Depths:4 | Killed Vifoseveff's ghost
 32207 | Depths:5 | Entered Level 5 of the Depths
 32210 | Depths:5 | Noticed the Enchantress
 32283 | Depths:5 | Received a gift from Trog
 32487 | Depths:5 | Killed the Enchantress
 32594 | Depths:5 | Found Saicav's Magic Scroll Emporium.
 32600 | Depths:5 | Found Etwyer Peba's Food Shoppe.
 32602 | Depths:5 | Bought a scroll of fog for 44 gold pieces
 33072 | Depths:5 | Found a gate to the Realm of Zot.
 33409 | Snake:1  | Bought a manual of Translocations for 1545 gold pieces
 33554 | Slime:1  | Entered Level 1 of the Pits of Slime
 34005 | Slime:5  | Entered Level 5 of the Pits of Slime
 34029 | Slime:5  | Found a viscous altar of Jiyva.
 34031 | Slime:5  | Noticed the Royal Jelly
 34072 | Slime:5  | Killed the Royal Jelly
 34118 | Slime:5  | Gained mutation: Scrolls take you a little longer to read.
                  | [a shining eye]
 34435 | Slime:5  | Identified the Incunabulum of the Traveller
 34444 | Slime:5  | Got a vibrating lead ring
 34451 | Slime:5  | Got a slimy rune of Zot
 34466 | Slime:5  | Identified the ring of Bodily Harmony {*Tele rPois Str+2
                  | SInv} (You found it on level 5 of the Pits of Slime)
 34507 | Slime:5  | Identified the +10 short sword of Accord {vamp, +Inv Int-2
                  | Stlth+} (You found it on level 5 of the Pits of Slime)
 34595 | Lair:6   | Lost mutation: Scrolls take you a little longer to read.
                  | [potion of mutation]
 34595 | Lair:6   | Gained mutation: You evolve. [potion of mutation]
 34595 | Lair:6   | Gained mutation: You are resistant to electric shocks.
                  | (rElec) [potion of mutation]
 34856 | Temple   | Entered the Ecumenical Temple
 34923 | Temple   | Fell from the grace of Trog
 34923 | Temple   | Became a worshipper of Makhleb the Destroyer
 35112 | D:12     | Learned a level 3 spell: Regeneration
 35119 | D:12     | Learned a level 6 spell: Statue Form
 35125 | D:12     | Learned a level 5 spell: Borgnjor's Vile Clutch
 35128 | D:12     | Learned a level 2 spell: Blink
 35130 | D:12     | Learned a level 1 spell: Summon Butterflies
 35135 | D:12     | Learned a level 4 spell: Passage of Golubria
 35178 | D:14     | Bought a potion of haste for 140 gold pieces
 35320 | Crypt:1  | Entered Level 1 of the Crypt
 35330 | Crypt:1  | Found a transporter.
 35338 | Crypt:1  | Reached skill level 1 in Translocations
 35349 | Crypt:1  | Gained mutation: You are partially covered in thin metallic
                  | scales. (AC +2) [evolution]
 35419 | Crypt:1  | Reached skill level 1 in Charms
 35419 | Crypt:1  | Reached skill level 1 in Necromancy
 35423 | Crypt:1  | Found a transporter.
 35440 | Crypt:1  | Reached skill level 1 in Spellcasting
 35447 | Crypt:1  | Found a magical portal.
 35456 | WizLab   | Entered Zonguldrok's Shrine
 35652 | WizLab   | Reached * piety under Makhleb
 35689 | WizLab   | Reached skill level 1 in Earth Magic
 35693 | WizLab   | Reached skill level 1 in Transmutations
 35762 | WizLab   | Noticed an antique lich
 35781 | WizLab   | Killed an antique lich
 35809 | WizLab   | Found the +9 sword of Zonguldrok {reap}
 35975 | Crypt:1  | Learned a level 2 spell: Passwall
 36062 | Crypt:1  | Reached ** piety under Makhleb
 36477 | Crypt:1  | Noticed an ancient lich
 36569 | Crypt:1  | Gained mutation: Your magical capacity is low. (-10% MP) [a
                  | cacodemon]
 36572 | Crypt:1  | Killed an ancient lich
 36572 | Crypt:1  | Reached skill level 5 in Spellcasting
 36574 | Crypt:1  | Gained mutation: Your magical capacity is very low. (-20%
                  | MP) [a cacodemon]
 36580 | Crypt:1  | Reached *** piety under Makhleb
 36585 | Crypt:1  | Gained mutation: Scrolls take you a little longer to read.
                  | [a cacodemon]
 36624 | Crypt:1  | Identified the ring "Yhumpya" {Wiz Str+3 Int+3} (You found
                  | it on level 1 of the Crypt)
 36634 | Crypt:1  | Identified the ring of Awag {+Fly MP+9 SInv} (You found it
                  | on level 1 of the Crypt)
 36786 | Crypt:2  | Lost mutation: Your magical capacity is very low. (-20% MP)
                  | [potion of mutation]
 36786 | Crypt:2  | Lost mutation: You evolve. [potion of mutation]
 36786 | Crypt:2  | Gained mutation: Your spells are a little harder to cast,
                  | but a little more powerful. [potion of mutation]
 36786 | Crypt:2  | Gained mutation: One of your tentacles bears a spike.
                  | [potion of mutation]
 36786 | Crypt:2  | Gained mutation: You have a beak for a mouth. [potion of
                  | mutation]
 37118 | Crypt:2  | Noticed Xtahua
 37144 | Crypt:2  | Killed Xtahua
 37170 | Crypt:2  | Noticed Mara
 37174 | Crypt:2  | Killed Mara
 37174 | Crypt:2  | Reached skill level 5 in Transmutations
 37174 | Crypt:2  | Reached skill level 5 in Earth Magic
 37226 | Crypt:3  | Entered Level 3 of the Crypt
 37272 | Crypt:3  | Noticed Jory
 37284 | Crypt:3  | Killed Jory
 37286 | Crypt:3  | Reached **** piety under Makhleb
 37406 | Crypt:3  | Found a basalt altar of Yredelemnul.
 37569 | Crypt:3  | Reached ***** piety under Makhleb
 37662 | Crypt:3  | Paralysed by Trog for 5 turns
 37898 | Crypt:3  | Found the +5 scythe "Finisher" {speed, Str+3}
 37901 | Crypt:3  | Found the +4 dagger "Morg" {pain, MR+ Int+5}
 37954 | Crypt:3  | Found a staircase to the Tomb.
 37978 | Crypt:3  | Learned a level 1 spell: Apportation
 37985 | Crypt:3  | Learned a level 5 spell: Aura of Abjuration
 37991 | Crypt:3  | Learned a level 5 spell: Summon Forest
 37992 | Tomb:1   | Entered Level 1 of the Tomb of the Ancients
 38077 | Tomb:1   | Paralysed by a sphinx for 5 turns
 38132 | Tomb:1   | Noticed a greater mummy
 38142 | Tomb:1   | Killed a greater mummy
 38147 | Tomb:1   | Noticed a greater mummy
 38155 | Tomb:1   | Reached skill level 19 in Stealth
 38169 | Tomb:1   | Killed a greater mummy
 38328 | Tomb:2   | Noticed a greater mummy
 38329 | Tomb:2   | Noticed a greater mummy
 38394 | Tomb:2   | Lost mutation: Your spells are a little harder to cast, but
                  | a little more powerful. [potion of mutation]
 38394 | Tomb:2   | Lost mutation: Your magical capacity is low. (-10% MP)
                  | [potion of mutation]
 38394 | Tomb:2   | Gained mutation: You can translocate small distances at
                  | will. [potion of mutation]
 38394 | Tomb:2   | Gained mutation: You are dopey. (Int -2) [potion of
                  | mutation]
 38394 | Tomb:2   | Gained mutation: One of your tentacles bears a nasty spike.
                  | [potion of mutation]
 38394 | Tomb:2   | Gained mutation: You are surrounded by a mild repulsion
                  | field. (EV +2) [potion of mutation]
 38466 | Tomb:2   | Reached ****** piety under Makhleb
 38494 | Tomb:2   | Lost mutation: Scrolls take you a little longer to read.
                  | [potion of mutation]
 38494 | Tomb:2   | Lost mutation: You are dopey. (Int -2) [potion of mutation]
 38494 | Tomb:2   | Gained mutation: Your body sometimes deteriorates upon
                  | taking damage. [potion of mutation]
 38494 | Tomb:2   | Gained mutation: One of your tentacles bears a large
                  | vicious spike. [potion of mutation]
 38503 | Tomb:3   | Entered Level 3 of the Tomb of the Ancients
 38549 | Tomb:3   | Reached skill level 10 in Earth Magic
 38555 | Tomb:3   | Reached skill level 10 in Transmutations
 38567 | Tomb:3   | Noticed a greater mummy
 38571 | Tomb:3   | Gained mutation: You are clumsy. (Dex -2) [a neqoxec]
 38581 | Tomb:3   | Noticed an ancient lich
 38584 | Tomb:3   | Killed a greater mummy
 38676 | Tomb:3   | Noticed a greater mummy
 38676 | Tomb:3   | Noticed a greater mummy
 38676 | Tomb:3   | Noticed a greater mummy
 38677 | Tomb:3   | Noticed an ancient lich
 38677 | Tomb:3   | Noticed a greater mummy
 38683 | Tomb:3   | Found the +7 Singing Sword {slice, sonic wave}
 38698 | Tomb:2   | Killed an ancient lich
 38799 | Tomb:3   | Noticed a greater mummy
 38805 | Tomb:3   | Noticed a greater mummy
 38892 | Tomb:3   | Killed a greater mummy
 38897 | Tomb:3   | Killed a greater mummy
 38900 | Tomb:3   | Killed a greater mummy
 38936 | Tomb:3   | Learned a level 4 spell: Animate Dead
 38950 | Tomb:3   | Killed a greater mummy
 38956 | Tomb:3   | Reached skill level 20 in Stealth
 38972 | Tomb:3   | Killed an ancient lich
 38976 | Tomb:3   | Got a golden rune of Zot
 38997 | Tomb:3   | Found the cursed necklace of Bloodlust {*Rage +Rage MR++
                  | Int-3 Slay+6 *Curse}
 39006 | Tomb:3   | Identified The Intricacies of Spellcasting (You found it on
                  | level 3 of the Tomb of the Ancients)
 39021 | Tomb:3   | Killed a greater mummy
 39028 | Tomb:3   | Identified an amulet "Cock" {RegenMP rC+ Int-4 Dex+2} (You
                  | found it on level 3 of the Tomb of the Ancients)
 39029 | Tomb:3   | Identified the ring of Ru's Esteem {Fire +Fly rElec Int-2
                  | Dex+4} (You found it on level 3 of the Tomb of the
                  | Ancients)
 39048 | Tomb:3   | Killed a greater mummy
 39081 | Tomb:3   | Identified the ring of Eczilan {Wiz Str+3 Dex-2 Slay+2}
                  | (You found it on level 3 of the Tomb of the Ancients)
 39123 | Tomb:3   | Identified the +10 short sword "Afaemny" {pierce, rElec rF+
                  | Int+2 Dex+3} (You found it on level 3 of the Tomb of the
                  | Ancients)
 39462 | D:14     | Bought a potion of agility for 56 gold pieces
 39462 | D:14     | Bought a potion of berserk rage for 70 gold pieces
 39462 | D:14     | Bought a potion of lignification for 42 gold pieces
 39462 | D:14     | Bought 2 potions of agility for 112 gold pieces
 39561 | Zig:1    | Entered Level 1 of a ziggurat
 39584 | Zig:2    | Entered Level 2 of a ziggurat
 39603 | Zig:3    | Entered Level 3 of a ziggurat
 39610 | Zig:3    | Reached skill level 1 in Summonings
 39623 | Zig:3    | Identified Sif Muna's Collected Works on Dislocation and
                  | Fire
 39631 | Zig:4    | Entered Level 4 of a ziggurat
 39646 | Zig:4    | Identified the Tome of Blistering Attacks
 39656 | Zig:5    | Entered Level 5 of a ziggurat
 39679 | Zig:5    | Identified the Catalogue of Transmutation and Beguiling
 39699 | Zig:6    | Entered Level 6 of a ziggurat
 39720 | Zig:6    | Identified the Guide on Unholy Stones
 39730 | Zig:6    | Identified the Reference Book on Enchantment and Boosts
 39737 | Zig:7    | Entered Level 7 of a ziggurat
 39760 | Zig:7    | Reached skill level 5 in Translocations
 39817 | Zig:8    | Entered Level 8 of a ziggurat
 39866 | Zig:8    | Identified the ring "Ezigheogh" {rElec rN+ Int+4 Dex+3}
                  | (You found it on level 8 of a ziggurat)
 39879 | Zig:9    | Entered Level 9 of a ziggurat
 39889 | Zig:9    | Found the +2 hat of the Bear Spirit {Spirit, +Rage rN+
                  | MR++}
 39976 | Zig:10   | Entered Level 10 of a ziggurat
 39998 | Zig:10   | Reached skill level 5 in Summonings
 40131 | Depths:3 | Learned a level 7 spell: Malign Gateway
 40152 | Hell     | Entered the Vestibule of Hell
 40152 | Hell     | Noticed Geryon
 40167 | Hell     | Killed Geryon
 40192 | Hell     | Found a gateway to the ashen valley of Gehenna.
 40220 | Geh:1    | Entered Level 1 of Gehenna
 40223 | Geh:1    | You fall through a shaft!
 40726 | Geh:5    | You fall through a shaft!
 40730 | Geh:6    | Reached skill level 21 in Stealth
 40888 | Geh:6    | Reached skill level 10 in Translocations
 40908 | Geh:7    | Entered Level 7 of Gehenna
 41010 | Geh:7    | Reached skill level 10 in Spellcasting
 41146 | Geh:7    | Noticed Asmodeus
 41165 | Geh:7    | Killed Asmodeus
 41186 | Geh:7    | Got an obsidian rune of Zot
 41392 | Hell     | Reached skill level 10 in Summonings
 41451 | Hell     | Found a gateway to the decaying netherworld of Tartarus.
 41459 | Tar:1    | Entered Level 1 of Tartarus
 41574 | Tar:1    | Paralysed by Trog for 6 turns
 41701 | Tar:2    | Reached skill level 15 in Earth Magic
 42286 | Tar:7    | Entered Level 7 of Tartarus
 42375 | Tar:7    | Reached skill level 22 in Stealth
 42476 | Tar:7    | Noticed an ancient lich
 42489 | Tar:7    | Killed an ancient lich
 42566 | Tar:7    | Noticed Ereshkigal
 42594 | Tar:7    | Killed Ereshkigal
 42596 | Tar:7    | Was forgiven by Trog
 42619 | Tar:7    | Got a bone rune of Zot
 42707 | Tar:7    | Got a twitching golden ring
 42708 | Tar:7    | Identified the Papyrus of Envenoming
 42747 | Hell     | Identified the ring "Bykk" {rN+ Str-5 Int-5 Dex+9} (You
                  | took it off a vampire knight on level 7 of Tartarus)
 42772 | Hell     | Found a gateway to the Iron City of Dis.
 42783 | Dis:1    | Entered Level 1 of the Iron City of Dis
 43315 | Dis:7    | Entered Level 7 of the Iron City of Dis
 43516 | Dis:7    | Noticed the Serpent of Hell
 43529 | Dis:7    | Learned a level 8 spell: Summon Horrible Things
 43601 | Dis:7    | Killed the Serpent of Hell
 43601 | Dis:7    | Reached skill level 5 in Necromancy
 43689 | Dis:7    | Noticed Dispater
 43710 | Dis:7    | Killed Dispater
 43739 | Dis:7    | Got an iron rune of Zot
 43895 | Hell     | Found a gateway to the freezing wastes of Cocytus.
 43907 | Coc:1    | Entered Level 1 of Cocytus
 44276 | Coc:7    | Entered Level 7 of Cocytus
 44660 | Coc:7    | Noticed Antaeus
 44674 | Coc:7    | Killed Antaeus
 44674 | Coc:7    | Reached skill level 10 in Necromancy
 44712 | Coc:7    | Got an icy rune of Zot
 44867 | Pan      | Entered Pandemonium
 44917 | Pan      | Entered the realm of Mnoleg.
 44952 | Pan      | Noticed Mnoleg
 44964 | Pan      | Killed Mnoleg
 44975 | Pan      | Gained mutation: You are dopey. (Int -2) [a neqoxec]
 44996 | Pan      | Got a glowing rune of Zot
 45196 | Pan      | Learned a level 8 spell: Borgnjor's Revivification
 45307 | Pan      | Noticed a seraph
 45322 | Pan      | Killed a seraph
 45333 | Pan      | Found a glowing golden altar of the Shining One.
 45340 | Pan      | Identified Ereoptih's Incunabulum of Beguiling
 45341 | Pan      | Identified Jaummeu's Catalogue of Blows and Bruises
 45343 | Pan      | Got a demonic rune of Zot
 45413 | Depths:4 | Escaped Pandemonium
 45415 | Pan      | Entered Pandemonium
 45508 | Pan      | Noticed Uggumin the pandemonium lord
 45572 | Pan      | Killed Uggumin the pandemonium lord
 45636 | Pan      | Reached skill level 23 in Stealth
 45637 | Pan      | Found an exit through the horrors of the Abyss.
 45671 | Depths:4 | Escaped Pandemonium
 45673 | Pan      | Entered the realm of Cerebov.
 45673 | Pan      | Entered Pandemonium
 45720 | Pan      | Got a wavering golden ring
 45721 | Pan      | Identified the ring of Jiydwagh {MP+9 Int+3} (You found it
                  | in Pandemonium)
 45793 | Pan      | Noticed Cerebov
 45813 | Pan      | Killed Cerebov
 45832 | Pan      | Got a fiery rune of Zot
 46143 | Pan      | Found an exit through the horrors of the Abyss.
 46216 | Pan      | Noticed Hurag the pandemonium lord
 46228 | Pan      | Killed Hurag the pandemonium lord
 46240 | Pan      | Entered the realm of Gloorx Vloq.
 46404 | Pan      | Noticed Gloorx Vloq
 46416 | Pan      | Killed Gloorx Vloq
 46433 | Pan      | Got a dark rune of Zot
 46513 | Depths:4 | Escaped Pandemonium
 46522 | Pan      | Entered Pandemonium
 46562 | Pan      | Learned a level 3 spell: Lesser Beckoning
 46563 | Pan      | Entered the realm of Lom Lobon.
 46635 | Pan      | Reached skill level 15 in Spellcasting
 46648 | Pan      | Reached skill level 15 in Necromancy
 46663 | Pan      | Reached skill level 24 in Stealth
 46745 | Pan      | Noticed Lom Lobon
 46875 | Pan      | Killed Lom Lobon
 46886 | Pan      | Got a magical rune of Zot
 46984 | Pan      | Found an exit through the horrors of the Abyss.
 46989 | Pan      | Took an exit into the Abyss.
 46989 | Abyss:1  | Escaped into the Abyss
 46989 | Abyss:1  | Found a corrupted altar of Lugonu.
 47013 | Abyss:1  | Found a corrupted altar of Lugonu.
 47060 | Abyss:1  | Found a corrupted altar of Lugonu.
 47238 | Abyss:2  | Found a corrupted altar of Lugonu.
 47517 | Abyss:3  | Found a corrupted altar of Lugonu.
 47569 | Abyss:4  | Got an abyssal rune of Zot
 47611 | Depths:4 | Escaped the Abyss
 47689 | Zot:1    | Entered Level 1 of the Realm of Zot
 47843 | Zot:2    | Reached skill level 25 in Stealth
 47902 | Zot:2    | Reached skill level 26 in Stealth
 48204 | Zot:5    | Entered Level 5 of the Realm of Zot
 48433 | Zot:5    | Noticed an orb of fire
 48506 | Zot:5    | Noticed an orb of fire
 48507 | Zot:5    | Gained mutation: You occasionally shout uncontrollably at
                  | your foes. [an orb of fire]
 48557 | Zot:5    | Noticed an orb of fire
 48564 | Zot:5    | Gained mutation: You are frail. (-10% HP) [an orb of fire]
 48564 | Zot:5    | Reached skill level 27 in Stealth
 48566 | Zot:5    | Killed an orb of fire
 48569 | Zot:5    | Gained mutation: Your magical capacity is low. (-10% MP)
                  | [an orb of fire]
 48574 | Zot:5    | Gained mutation: You are very frail. (-20% HP) [an orb of
                  | fire]
 48578 | Zot:5    | Killed an orb of fire
 48613 | Zot:5    | Lost mutation: You are dopey. (Int -2) [potion of mutation]
 48613 | Zot:5    | Lost mutation: You can translocate small distances at will.
                  | [potion of mutation]
 48613 | Zot:5    | Lost mutation: You have a beak for a mouth. [potion of
                  | mutation]
 48613 | Zot:5    | Lost mutation: You are very frail. (-20% HP) [potion of
                  | mutation]
 48613 | Zot:5    | Gained mutation: You possess an exceptional clarity of
                  | mind. [potion of mutation]
 48613 | Zot:5    | Gained mutation: You are partially covered in yellow
                  | scales. (AC +2) [potion of mutation]
 48614 | Zot:5    | Lost mutation: You are clumsy. (Dex -2) [potion of
                  | mutation]
 48614 | Zot:5    | Lost mutation: You are surrounded by a mild repulsion
                  | field. (EV +2) [potion of mutation]
 48614 | Zot:5    | Lost mutation: You occasionally shout uncontrollably at
                  | your foes. [potion of mutation]
 48614 | Zot:5    | Gained mutation: You evolve. [potion of mutation]
 48614 | Zot:5    | Gained mutation: Your muscles are strong. (Str +2) [potion
                  | of mutation]
 48615 | Zot:5    | Lost mutation: You are frail. (-10% HP) [potion of
                  | mutation]
 48615 | Zot:5    | Lost mutation: Your body sometimes deteriorates upon taking
                  | damage. [potion of mutation]
 48615 | Zot:5    | Lost mutation: One of your tentacles bears a large vicious
                  | spike. [potion of mutation]
 48615 | Zot:5    | Lost mutation: You are partially covered in thin metallic
                  | scales. (AC +2) [potion of mutation]
 48615 | Zot:5    | Gained mutation: You are partially covered in molten
                  | scales. (AC +2) [potion of mutation]
 48676 | Zot:5    | Reached skill level 10 in Evocations
 48680 | Zot:5    | Got the Orb of Zot
 48736 | Zot:5    | Noticed Reuluiwk the pandemonium lord
 48744 | Zot:5    | Killed Reuluiwk the pandemonium lord
 48744 | Zot:5    | Reached skill level 15 in Summonings
 48857 | Zot:2    | Gained mutation: Scrolls take you a little longer to read.
                  | [a neqoxec]
 48859 | Zot:1    | Lost mutation: Scrolls take you a little longer to read.
                  | [potion of mutation]
 48859 | Zot:1    | Lost mutation: You evolve. [potion of mutation]
 48859 | Zot:1    | Lost mutation: Your magical capacity is low. (-10% MP)
                  | [potion of mutation]
 48859 | Zot:1    | Lost mutation: One of your tentacles bears a nasty spike.
                  | [potion of mutation]
 48859 | Zot:1    | Gained mutation: You occasionally shout uncontrollably at
                  | your foes. [potion of mutation]
 48859 | Zot:1    | Gained mutation: You are robust. (+10% HP) [potion of
                  | mutation]
 48859 | Zot:1    | Gained mutation: You have a pair of small antennae on your
                  | head. [potion of mutation]
 49167 | D:6      | Noticed Kesa Abuem the pandemonium lord
 49201 | D:4      | Noticed Maffi the pandemonium lord
 49270 | D:2      | Lost mutation: Your muscles are strong. (Str +2) [a
                  | cacodemon]
 49323 | D:$      | Escaped with the Orb!

Vault maps used:
D:1:      saegor_arrival_miasma
D:3:      uniq_natasha, uniq_ijyb
D:5:      first_ration, minmay_joined_circles
D:6:      overflow_temple_1_default, minmay_temple_entry_statues,
          ebering_ghost_rock_garden, minmay_hollow_rounded_squares, uniq_edmund
D:7:      cheibrodos_helix_gallery, basic_altar, the_bakery
D:8:      sword_in_stone, uniq_maurice
D:9:      lemuel_slime, erik_orc_1
D:10:     minmay_lair_entry_grove, minmay_splitting_lines, ashenzari_altar_1,
          uniq_urug
D:11:     kennysheep_generic_room_11
D:13:     david_vaults_3, serial_shops, shop_coins
D:14:     lemuel_ice_statue, serial_shops, shop_statue, uniq_louise, uniq_kirke
D:15:     grunt_enter_depths_snipers, serial_bayou_lagoon_a, lemuel_flame_loot_1
Temple:   roderic_octagonal_lattice_temple
Lair:1:   beast_lair_carwin_large_1, nicolae_volcano_entry_hallway,
          serial_bayou_crossing, uniq_nergalle
Lair:2:   minmay_swamp_entry_reptiles
Lair:3:   guppyfry_snake_entry_garden, infiniplex_staircase_pool_2,
          uniq_gastronok
Lair:4:   uniq_josephine
Lair:6:   grunt_lair_end_beastmaster, minmay_slime_entry_pillars, st_stairs_10,
          hangedman_lair_generics_rect, minmay_lair_oklob_chamber
Swamp:1:  nicolae_swamp_dense_foliage
Swamp:2:  portal_ice_cave_entry_ice_statue_one, serial_swamp_ruin,
          evilmike_swamp_ruin_house_3, evilmike_swamp_ruin_house_5,
          evilmike_swamp_ruin_house_2
Swamp:3:  evilmike_swamp_ruin_rubble_2, infiniplex_staircase_pool
Swamp:4:  swamp_alternative
Snake:1:  ebering_ghost_gozag, special_room, minmay_shop_grid_forest
Snake:2:  ebering_ghost_xom
Snake:3:  abandoned_shop, guppyfry_library_mini, uniq_vashnia
Snake:4:  minmay_snake_end_coiled, serial_shops, shop, basic_altar
Orc:1:    serial_shops, shop, mines2_david, uniq_snorg, uniq_sonja
Orc:2:    grunt_orc_tribal_feast
Elf:1:    eino_elf_arrival_sip, serial_shops, shop, minmay_elf_annihilation,
          uniq_asterion
Elf:3:    minmay_elf_hall_curves, serial_shops, shop, laboratory,
          minmay_shop_star, basic_stair_grate_trap
Vaults:1: v_misc_18, ontoclasm_vaults_ring_square, hangedman_vaults_nails,
          ontoclasm_vaults_hangar, vaults_mumra_lcd,
          vaults_room_grunt_arrival_ludios, hangedman_vaults_hat,
          ontoclasm_vaults_fault, nicolae_vaults_diagonal_hallway_9,
          dpeg_vaults_monster_box
Vaults:2: nicolae_vaults_diagonal_hallway_7, minmay_crypt_entry_simple_sparse,
          v_rooms_6, hangedman_vaults_trim, nicolae_vaults_yaktaur_gun_rack,
          grunt_vaults_twisty, vaults_dpeg_ring, hangedman_vaults_maws,
          v_misc_31, ontoclasm_vaults_shuriken
Vaults:3: ontoclasm_vaults_gallery, hangedman_vaults_unwind,
          nicolae_vaults_hallways_thing, v_alt_pattern_6,
          hangedman_vaults_restitches, hangedman_vaults_capsules,
          ontoclasm_vaults_ligature, v_misc_28, v_pattern_3
Vaults:4: nicolae_vaults_network_square, ontoclasm_vaults_loading_screen,
          v_pattern_2, vaults_room_grid, hangedman_vaults_snaps,
          vaults_dpeg_encased_lava, nicolae_vaults_network_s,
          vaults_room_hallway, grunt_vaults_hallway_long, vaults_room_pool,
          nicolae_vaults_little_ls, grunt_vaults_diagonal, vaults_dpeg_diagonal,
          grunt_vaults_funnel, uniq_sojobo
Crypt:1:  gammafunk_dig_for_victory, mu_enter_wizlab_3
Crypt:2:  uniq_mara, uniq_xtahua
Crypt:3:  grunt_crypt_end_deaths_head, uniq_jory
Depths:1: okawaru_ov_weapons_minmay, abyss_entry_small_statue_room, hell_entry,
          spider_trap, kennysheep_just_a_vault, firewood_loft
Depths:2: lemuel_river_lethe, abyss_entry, hell_entry
Depths:3: cheibrodos_tormentor_scu, hangedman_abyss_or_decor_passed,
          abyss_entry_crystal, pf_hell_entry_tar_river, rand_demon_pan_entry_7,
          minmay_pinched_square, uniq_mennas, uniq_boris
Depths:4: kennysheep_blocky_room, pan_entry, serial_shops, kennysheep_mini,
          roderic_roman_lattice, abyss_entry, biasface_ghost_demon_polymorph,
          pf_coc_iceberg
Depths:5: evilmike_zot_entry_diamond, grunt_hell_entry_dis_mu,
          minmay_strange_pillars, minmay_shoptagon, basic_stair_grate_trap,
          uniq_enchantress
Dis:5:    hangedman_dis_decor_blocks_crown, grunt_megastairs_2, lemuel_elevator
Dis:6:    hangedman_dis_decor_blocks_talon
Dis:7:    iron_city_of_dis
Geh:7:    evilmike_geh
Coc:3:    lemuel_elevator
Coc:4:    grunt_deathspiral_small
Coc:7:    coc_old
Tar:4:    grunt_megastairs_3
Tar:5:    nicolae_tar_cuneiform_oil
Tar:6:    hangedman_snap_crack_crunch
Tar:7:    tar_old
Zot:1:    grunt_megastairs_1
Zot:3:    door_vault
Zot:4:    lemuel_draconian_sentries_small
Zot:5:    lemuel_baited_zot_trap
Abyss:2:  hangedman_summoners_spam
Abyss:4:  dshaligram_kb_abyss_rune_zappy_water_cross
Pan:      evilmike_mini_pan_T, evilmike_mini_pan_doors, pan_blood_fountain_2,
          evilmike_mini_pan_3x3, nicolae_pan_mnolegish_4, nicolae_pan_sigil_obb,
          mnoleg, reaverb_pan_chaos_star, evilmike_holy_pan,
          grunt_pan_in_and_out, nicolae_pan_performance_anxiety, rand_demon_9,
          evilmike_mini_pan_diamond, cerebov, evilmike_mini_pan_branches,
          pan_blood_fountain_small, evilmike_gloorx_vloq_box,
          nicolae_pan_double_arrow, rand_demon_9, lom_lobon_grunt_wind_tunnels,
          grunt_pan_in_and_out
Zig:6:    ziggurat_pillar_centre_c
Zig:10:   ziggurat_pillar_centre_dead_trees
IceCv:    ice_cave_tombish
Volcano:  volcano_pools
WizLab:   wizlab_zonguldrok

Skill      XL: |  1  2  3  4  5  6  7  8  9 10 11 12 13 14 15 16 17 18 19 20 21 22 23 24 25 26 27 |
---------------+----------------------------------------------------------------------------------+-----
Stealth        | 1 2 3 4 5 7 8 10 12 14 17 18 27 | 27.0
Long Blades    | 4 5 6 7 9 10 11 13 14 15 16 20 | 20.0
Shields        | 1 2 3 4 6 8 10 11 13 15 17 19 21 22 25 | 25.0
Fighting       | 4 5 6 7 8 10 11 12 13 14 16 19 20 22 24 | 24.4
Evocations     | 2 4 6 10 | 10.5
Dodging        | 5 7 8 9 11 13 14 16 18 19 20 22 | 22.5
Translocations | 12 | 12.0
Charms         | 3 |  3.0
Necromancy     | 17 | 17.0
Spellcasting   | 16 | 16.0
Earth Magic    | 16 | 16.1
Transmutations | 10 | 10.0
Summonings     | 15 | 15.3

Action                   |  1- 3 |  4- 6 |  7- 9 | 10-12 | 13-15 | 16-18 | 19-21 | 22-24 | 25-27 || total
-------------------------+-------+-------+-------+-------+-------+-------+-------+-------+-------++-------
Melee: Falchion          |    60 |    72 |    50 |       |       |       |       |       |       ||   182
       Constrict         |    20 |    27 |    28 |    43 |   108 |   141 |   147 |   106 |   705 ||  1325
       Tentacles         |     9 |    18 |    20 |    80 |   193 |   329 |   576 |   499 |  2095 ||  3819
       Short sword       |       |    10 |    14 |     6 |     2 |       |       |       |     5 ||    37
       Long sword        |       |       |     8 |       |       |       |       |       |       ||     8
       Double sword      |       |       |    61 |   352 |   768 |   732 |  1413 |  1051 |  3006 ||  7383
       Scimitar          |       |       |       |     8 |     7 |       |       |       |       ||    15
       Dagger            |       |       |       |       |    30 |    32 |     6 |       |    34 ||   102
       Demon blade       |       |       |       |       |       |   123 |       |       |    17 ||   140
       Kick              |       |       |       |       |       |       |       |       |  2058 ||  2058
       Eudemon blade     |       |       |       |       |       |       |       |       |  1907 ||  1907
       Peck              |       |       |       |       |       |       |       |       |  1209 ||  1209
Throw: Javelin           |       |       |       |       |     4 |       |       |       |       ||     4
       Throwing net      |       |       |       |       |       |       |       |       |     2 ||     2
 Cast: Regeneration      |       |       |       |       |       |       |       |       |   244 ||   244
       Passage of Golubr |       |       |       |       |       |       |       |       |   142 ||   142
       Statue Form       |       |       |       |       |       |       |       |       |   133 ||   133
       Apportation       |       |       |       |       |       |       |       |       |    74 ||    74
       Borgnjor's Vile C |       |       |       |       |       |       |       |       |    57 ||    57
       Passwall          |       |       |       |       |       |       |       |       |    35 ||    35
       Malign Gateway    |       |       |       |       |       |       |       |       |    25 ||    25
       Aura of Abjuratio |       |       |       |       |       |       |       |       |    16 ||    16
       Blink             |       |       |       |       |       |       |       |       |    12 ||    12
       Animate Dead      |       |       |       |       |       |       |       |       |     6 ||     6
       Summon Butterflie |       |       |       |       |       |       |       |       |     5 ||     5
       Summon Forest     |       |       |       |       |       |       |       |       |     3 ||     3
Invok: Berserk           |     1 |     2 |     3 |     4 |     8 |       |       |       |     1 ||    19
       Trog's Hand       |       |     8 |     5 |    22 |    25 |    35 |    23 |    45 |    72 ||   235
       Brothers in Arms  |       |       |       |     1 |     8 |     7 |    10 |     3 |     2 ||    31
Evoke: Wand              |       |       |     5 |     8 |    23 |    20 |     1 |     4 |    38 ||    99
       Lamp of fire      |       |       |       |       |     1 |     2 |       |       |       ||     3
       Lightning rod     |       |       |       |       |       |       |       |       |     2 ||     2
       Box of beasts     |       |       |       |       |       |       |       |       |     1 ||     1
       Phial of floods   |       |       |       |       |       |       |       |       |     1 ||     1
  Use: Potion            |       |     3 |     1 |     5 |     4 |     7 |     1 |     7 |    47 ||    75
       Scroll            |       |     1 |     9 |    12 |    16 |    17 |     7 |    14 |    92 ||   168
 Stab: Sleeping          |    11 |     6 |    26 |    29 |    42 |    35 |    45 |    11 |    92 ||   297
       Paralysed         |       |       |       |     3 |       |     1 |       |       |       ||     4
       Distracted        |       |       |       |     4 |     9 |    13 |     4 |     9 |    37 ||    76
       Invisible         |       |       |       |       |     4 |       |       |       |     3 ||     7
       Confused          |       |       |       |       |       |     1 |       |       |       ||     1
       Held in net/web   |       |       |       |       |       |       |       |       |     2 ||     2
  Eat: Ration            |       |     2 |       |     1 |       |     6 |     6 |     7 |    48 ||    70
       Chunk             |       |     1 |     9 |    22 |    41 |    18 |    13 |    10 |    14 ||   128
Armor: Skin              |     4 |     4 |     4 |    14 |    33 |    15 |    14 |    14 |   537 ||   639
Dodge: Dodged            |    31 |    32 |    52 |   138 |   181 |   186 |   318 |   391 |  3604 ||  4933
Block: Buckler           |       |    18 |    39 |    53 |       |       |       |       |       ||   110
       Shield            |       |       |       |   100 |   547 |       |       |       |       ||   647
       Reflection        |       |       |       |       |    11 |    40 |       |       |       ||    51
       Large shield      |       |       |       |       |     6 |   775 |  1355 |  1118 |  7744 || 10998
       Rpst.: Falchion   |     8 |     3 |     3 |       |       |       |       |       |       ||    14
       Long sword        |       |       |     1 |       |       |       |       |       |       ||     1
       Double sword      |       |       |     7 |    39 |    43 |    36 |    53 |    51 |   298 ||   527
       Demon blade       |       |       |       |       |       |     3 |       |       |     3 ||     6
       Eudemon blade     |       |       |       |       |       |       |       |       |   216 ||   216

Table legend:
 A = Non-vault XP
 B = Vault XP
 C = Vault XP percentage of total XP
 D = Non-vault monster count
 E = Vault monster count
 F = Vault count percentage of total count
                 A         B        C        D         E       F
            +---------+---------+-------+---------+---------+-------
      Total | 1412503 | 1430235 |  50.3 |    2386 |    1442 |  37.7
            +---------+---------+-------+---------+---------+-------
        D:1 |      40 |       0 |   0.0 |      20 |       0 |   0.0
        D:2 |      28 |       0 |   0.0 |      14 |       0 |   0.0
        D:3 |     286 |      35 |  10.9 |      29 |       1 |   3.3
        D:4 |     168 |       0 |   0.0 |      11 |       0 |   0.0
        D:5 |     515 |     187 |  26.6 |      17 |       3 |  15.0
        D:6 |     361 |    1740 |  82.8 |      15 |      16 |  51.6
        D:7 |    1226 |     136 |  10.0 |      20 |       2 |   9.1
        D:8 |     728 |     946 |  56.5 |      10 |       6 |  37.5
        D:9 |    2156 |    1062 |  33.0 |      24 |      34 |  58.6
       D:10 |    1713 |    2727 |  61.4 |       9 |      15 |  62.5
       D:11 |    3729 |     189 |   4.8 |      25 |       2 |   7.4
       D:12 |    3915 |     210 |   5.1 |      30 |       1 |   3.2
       D:13 |    7240 |    6275 |  46.4 |      25 |      18 |  41.9
       D:14 |    9878 |    4265 |  30.2 |      32 |       9 |  22.0
       D:15 |    5731 |    2393 |  29.5 |      18 |       3 |  14.3
     Lair:1 |    2964 |    1662 |  35.9 |       8 |       9 |  52.9
     Lair:2 |    3395 |     430 |  11.2 |      18 |       4 |  18.2
     Lair:3 |    3567 |    2633 |  42.5 |      19 |       3 |  13.6
     Lair:4 |    3559 |    1727 |  32.7 |      13 |       4 |  23.5
     Lair:5 |    5587 |       0 |   0.0 |      17 |       0 |   0.0
     Lair:6 |    9734 |   14291 |  59.5 |      33 |      43 |  56.6
    Swamp:1 |    4192 |       0 |   0.0 |      16 |       0 |   0.0
    Swamp:2 |    9860 |     461 |   4.5 |      25 |       1 |   3.8
    Swamp:3 |   13207 |    1216 |   8.4 |      28 |       2 |   6.7
    Swamp:4 |   13181 |   17088 |  56.5 |      28 |      22 |  44.0
    Snake:1 |   15827 |    6790 |  30.0 |      31 |       8 |  20.5
    Snake:2 |   10335 |    1576 |  13.2 |      21 |       2 |   8.7
    Snake:3 |   19688 |   12642 |  39.1 |      35 |      16 |  31.4
    Snake:4 |   21557 |   20310 |  48.5 |      40 |      41 |  50.6
    Slime:1 |   19241 |       0 |   0.0 |      21 |       0 |   0.0
    Slime:2 |   10458 |       0 |   0.0 |      25 |       0 |   0.0
    Slime:3 |    2159 |       0 |   0.0 |       5 |       0 |   0.0
    Slime:4 |   30052 |       0 |   0.0 |      54 |       0 |   0.0
    Slime:5 |    9470 |   30420 |  76.3 |      10 |      15 |  60.0
      Orc:1 |    3239 |    1203 |  27.1 |      40 |       7 |  14.9
      Orc:2 |    4553 |    7446 |  62.1 |      36 |      30 |  45.5
      Elf:1 |   20120 |    7454 |  27.0 |      34 |      10 |  22.7
      Elf:2 |   17489 |    2685 |  13.3 |      27 |       3 |  10.0
      Elf:3 |   15857 |   42441 |  72.8 |      25 |      40 |  61.5
   Vaults:1 |   40086 |   17128 |  29.9 |      68 |      30 |  30.6
   Vaults:2 |   41460 |   19530 |  32.0 |      69 |      24 |  25.8
   Vaults:3 |   33850 |   22986 |  40.4 |      60 |      32 |  34.8
   Vaults:4 |   15125 |   51623 |  77.3 |      23 |      43 |  65.2
   Vaults:5 |   30295 |   69554 |  69.7 |      39 |      50 |  56.2
    Crypt:1 |   35021 |   40060 |  53.4 |      45 |      23 |  33.8
    Crypt:2 |    9087 |   12558 |  58.0 |      16 |       2 |  11.1
    Crypt:3 |       0 |   77852 | 100.0 |       0 |     112 | 100.0
     Tomb:1 |    5480 |   42033 |  88.5 |      11 |      35 |  76.1
     Tomb:2 |    2264 |   18363 |  89.0 |       9 |      27 |  75.0
     Tomb:3 |    8662 |   93250 |  91.5 |      27 |      98 |  78.4
   Depths:1 |   47433 |    1459 |   3.0 |      51 |       1 |   1.9
   Depths:2 |    8960 |   81641 |  90.1 |       9 |     117 |  92.9
   Depths:3 |   35955 |   36370 |  50.3 |      42 |      32 |  43.2
   Depths:4 |   40072 |   30162 |  42.9 |      42 |      20 |  32.3
   Depths:5 |   32062 |   29565 |  48.0 |      32 |      17 |  34.7
       Hell |   27976 |   42310 |  60.2 |      39 |      58 |  59.8
      Dis:1 |    3626 |     770 |  17.5 |       6 |       1 |  14.3
      Dis:2 |    6931 |       0 |   0.0 |      11 |       0 |   0.0
      Dis:4 |     461 |       0 |   0.0 |       2 |       0 |   0.0
      Dis:5 |       0 |     341 | 100.0 |       0 |       1 | 100.0
      Dis:6 |    4874 |       0 |   0.0 |       7 |       0 |   0.0
      Dis:7 |   20563 |   73242 |  78.1 |      27 |      28 |  50.9
      Geh:2 |   13756 |       0 |   0.0 |      19 |       0 |   0.0
      Geh:3 |   11103 |       0 |   0.0 |      27 |       0 |   0.0
      Geh:4 |   36016 |       0 |   0.0 |      69 |       0 |   0.0
      Geh:5 |    8259 |       0 |   0.0 |      16 |       0 |   0.0
      Geh:6 |   29863 |       0 |   0.0 |      54 |       0 |   0.0
      Geh:7 |    3770 |   46317 |  92.5 |      10 |      29 |  74.4
      Coc:1 |     762 |       0 |   0.0 |       1 |       0 |   0.0
      Coc:2 |    8724 |       0 |   0.0 |      24 |       0 |   0.0
      Coc:3 |       0 |     331 | 100.0 |       0 |       1 | 100.0
      Coc:4 |   10742 |   10165 |  48.6 |      12 |      14 |  53.8
      Coc:5 |    6482 |       0 |   0.0 |      18 |       0 |   0.0
      Coc:6 |     355 |       0 |   0.0 |       1 |       0 |   0.0
      Coc:7 |   42711 |   58927 |  58.0 |      65 |      42 |  39.3
      Tar:1 |   24405 |       0 |   0.0 |      37 |       0 |   0.0
      Tar:2 |   14372 |       0 |   0.0 |      24 |       0 |   0.0
      Tar:3 |     256 |       0 |   0.0 |       1 |       0 |   0.0
      Tar:4 |   20164 |       0 |   0.0 |      37 |       0 |   0.0
      Tar:6 |       0 |    3033 | 100.0 |       0 |       5 | 100.0
      Tar:7 |   55712 |   54577 |  49.5 |      67 |      25 |  27.2
      Zot:1 |   19016 |       0 |   0.0 |      14 |       0 |   0.0
      Zot:2 |   40538 |       0 |   0.0 |      26 |       0 |   0.0
      Zot:3 |   26596 |       0 |   0.0 |      16 |       0 |   0.0
      Zot:4 |   29743 |    6336 |  17.6 |      23 |       4 |  14.8
      Zot:5 |   36783 |   94897 |  72.1 |      23 |      29 |  55.8
    Abyss:1 |    7848 |       0 |   0.0 |      13 |       0 |   0.0
    Abyss:2 |   19977 |       0 |   0.0 |      36 |       0 |   0.0
    Abyss:3 |     707 |       0 |   0.0 |       1 |       0 |   0.0
    Abyss:4 |    1980 |    5240 |  72.6 |       9 |      15 |  62.5
        Pan |   95367 |  179584 |  65.3 |      96 |     118 |  55.1
      Zig:1 |    2018 |       0 |   0.0 |       1 |       0 |   0.0
      Zig:2 |    1820 |       0 |   0.0 |       3 |       0 |   0.0
      Zig:3 |    3355 |       0 |   0.0 |       5 |       0 |   0.0
      Zig:4 |    3402 |       0 |   0.0 |       6 |       0 |   0.0
      Zig:5 |    7160 |       0 |   0.0 |       6 |       0 |   0.0
      Zig:6 |    7972 |       0 |   0.0 |       6 |       0 |   0.0
      Zig:7 |   10294 |       0 |   0.0 |       9 |       0 |   0.0
      Zig:8 |    8964 |      30 |   0.3 |      12 |       1 |   7.7
      Zig:9 |   14523 |       0 |   0.0 |      13 |       0 |   0.0
     Zig:10 |   17207 |       0 |   0.0 |      12 |       0 |   0.0
      IceCv |       0 |    9395 | 100.0 |       0 |      26 | 100.0
    Volcano |       0 |    2375 | 100.0 |       0 |       7 | 100.0
     WizLab |   12533 |    5591 |  30.8 |      31 |       5 |  13.9
            +---------+---------+-------+---------+---------+-------
